Cogmind - Beta 11.1 @@@ ROGUE MODE // 2022.04.28 @ 16:02:48 Player: ktur Result: Escaped! Performance ------------- Evolutions (9) 4500 Regions Visited (38) 7600 Robots Destroyed (362) 1810 Value Destroyed (13275) 13275 Prototype IDs (103) 2060 Alien Tech Used (11) 2200 Bonus (21137) 21137 TOTAL SCORE: 52582 Bonus ------- High Alert Combat Kills 1464 Follower Combat Kills 4194 Network Hubs Disabled 200 Met Imprinter 300 Met Zhirov 300 Met Warlord at Base 500 MAIN.C Attacked Warlord 500 Built Enhanced Grunts 300 A7 Reached Mainframe 300 Met R17 at Cetus 500 Met Warlord at Research 2000 Scanned by Researcher 500 Destroyed MAIN.C Guards 500 Met MAIN.C 5000 Hacked MAIN.C 300 Met Warlord at Command 2000 Win 3000 Friendly Fire -721 Cogmind --------- Core Integrity 26/1600 Matter 300/300 Energy 71/100 System Corruption 21% Temperature Cool (4) Movement Hovering (66) Location To Epsilon Eridani Parts ------- > --- POWER (4) -------- (None) > --- PROPULSION (9) --- Combat Antigrav System Combat Linear Gravjet > --- UTILITY (11) ----- High-capacity Storage Unit Experimental Terrain Scan Processor Experimental Core Analyzer Improved Armor Integrity Analyzer Graphene Brace Spacefold Activator > --- WEAPON (2) ------- (None) > --- INVENTORY (20) --- Particle Reactor Light Quantum Reactor Light Quantum Reactor Antigrav System Improved Antigrav System Advanced Energy Well (500) Advanced Energy Well (500) Long-range Terrain Scanner Advanced Transmission Jammer Advanced Cloaking Device Experimental Utility Shielding Transdimensional Reconstructor HERF Cannon Vortex Driver (2) Heavy Machine Gun KE Penetrator Linear Accelerator Sigix Terminator Peak State ------------ > --- POWER ------------ Backup Power VII Backup Power VII Backup Power VII Quantum Reactor > --- PROPULSION ------- Cooled Antigrav System Cooled Antigrav System Cooled Antigrav System Combat Linear Gravjet Combat Linear Gravjet Combat Linear Gravjet Combat Linear Gravjet Combat Linear Gravjet Combat Linear Gravjet > --- UTILITY ---------- Advanced Power Amplifier Advanced Power Amplifier High-capacity Storage Unit Advanced Energy Well Experimental Signal Interpreter Experimental Terrain Scan Processor Experimental Core Analyzer Experimental Utility Shielding Experimental Hacking Suite System Mapper Spacefold Activator > --- WEAPON ----------- Null Cannon Mini Smartbomb Launcher > --- INVENTORY -------- Light Particle Reactor Advanced Energy Well Long-range Terrain Scanner Improved Armor Integrity Analyzer Advanced Transmission Jammer Advanced Phase Shifter Advanced Cloaking Device Experimental Weapon Shielding SHELL Armor Graphene Brace Experimental Force Field Phase Redirector Hacking Suite Transdimensional Reconstructor Subatomic Replicator Vortex Driver Sigix Terminator [Rating: 236] Favorites ----------- Power Micro Nuclear Core Engine Ion Engine Power Core Micro Nuclear Core Reactor Micro Antimatter Reactor Propulsion Combat Linear Gravjet Treads Light Treads Leg Myomer Leg Hover Unit Combat Linear Gravjet Flight Unit VTOL Module Utility Advanced Hacking Suite Device Experimental Sensor Array Storage High-capacity Storage Unit Processor Improved Signal Interpreter Hackware Advanced Hacking Suite Protection Experimental Utility Shielding Artifact Phase Redirector Weapon Centrium Greatsword Energy Gun Medium Laser Energy Cannon Cooled Plasma Cannon Ballistic Gun Autogun Ballistic Cannon Heavy Gauss Cannon Launcher Mini Smartbomb Launcher Special Weapon Remote Datajack Impact Weapon Powered Hammer Slashing Weapon Centrium Greatsword Piercing Weapon Vortex Lance Special Melee Weapon Datajack Build | -11 -10 -10 -10 -9 -8 -7 -7 -7 -7 -7 -7 -6 -6 -6 -6 -6 -6 -5 -5 -5 -5 -5 -5 -4 -4 -4 -4 -4 -4 -4 -3 -3 -3 -2 -2 -2 -1 -1 ------- Run | Scr Mat Min Exi Min Mat Fac Was Fac Low Low Zio Pro Fac Ext Cet Arc Hub Fac Was Fac Upp Upp Zhi Pro Fac Was Fac Upp Upp War Pro Res Qua Res Tes Sec Acc Com Slots Evolved 18 | . . . . . 4 2 . . . . . . 2 . . . . 2 . . . . . . 2 . . . . . . 2 . 2 . . 2 . Power 3 | . . . . . . . . . . . . . . . . . . 1 . . . . . . . . . . . . . . . . . . 2 . Propulsion 7 | . . . . . 1 . . . . . . . 1 . . . . 1 . . . . . . . . . . . . . 2 . 2 . . . . Utility 8 | . . . . . 3 2 . . . . . . 1 . . . . . . . . . . . 2 . . . . . . . . . . . . . Weapon . | . . . . . . . . . . . . . . . . . . . . . . . . . . . . . . . . . . . . . . . Parts Attached 658 | 6 15 . . 4 42 64 8 5 2 . . 9 53 44 9 . 4 51 4 11 . 19 7 13 66 . 23 5 6 20 6 6 39 11 21 24 9 52 Power 51 | 1 1 . . . 4 4 2 . . . . . 2 1 . . . 7 . . . . 2 2 5 . 3 . . . . 1 1 . . . 2 13 Engine 5 | 1 1 . . . 3 . . . . . . . . . . . . . . . . . . . . . . . . . . . . . . . . . Core 24 | . . . . . 1 4 1 . . . . . 2 1 . . . 7 . . . . 1 2 . . 3 . . . . . . . . . 2 . Reactor 22 | . . . . . . . 1 . . . . . . . . . . . . . . . 1 . 5 . . . . . . 1 1 . . . . 13 Propulsion 133 | 2 4 . . . 14 10 . 1 2 . . . 19 8 3 . 1 5 2 2 . 4 . 2 17 . 4 . . 7 1 2 2 5 1 1 1 13 Treads 18 | 2 3 . . . 13 . . . . . . . . . . . . . . . . . . . . . . . . . . . . . . . . . Leg 5 | . . . . . . . . . . . . . 1 4 . . . . . . . . . . . . . . . . . . . . . . . . Wheel . | . . . . . . . . . . . . . . . . . . . . . . . . . . . . . . . . . . . . . . . Hover 107 | . . . . . 1 9 . 1 1 . . . 18 4 3 . 1 5 2 2 . 4 . 2 17 . 4 . . 7 1 2 2 5 1 1 1 13 Flight 3 | . 1 . . . . 1 . . 1 . . . . . . . . . . . . . . . . . . . . . . . . . . . . . Utility 320 | 1 4 . . . 12 39 . 4 . . . 4 29 22 3 . 2 29 2 5 . 7 5 6 39 . 10 2 4 8 3 3 19 3 9 21 6 19 Device 171 | . 1 . . . 3 19 . 1 . . . 2 14 11 . . 1 19 2 2 . 2 1 5 25 . 5 1 2 4 3 2 12 1 4 16 3 10 Storage 13 | 1 2 . . . . 2 . . . . . . 1 . . . . 1 . 1 . . 1 . 1 . . . . . . . . 1 1 . 1 . Processor 16 | . 1 . . . 3 1 . . . . . . 2 1 . . . 1 . . . . . . 1 . . . . 1 . . 2 1 . . . 2 Hackware 19 | . . . . . . 6 . 3 . . . . 2 . . . . 2 . . . . . . 4 . . . . 1 . . . . 1 . . . Protection 94 | . . . . . 6 11 . . . . . 2 10 10 3 . 1 6 . 2 . 5 3 1 8 . 5 1 2 2 . 1 3 . 3 5 1 3 Artifact 7 | . . . . . . . . . . . . . . . . . . . . . . . . . . . . . . . . . 2 . . . 1 4 Weapon 154 | 2 6 . . 4 12 11 6 . . . . 5 3 13 3 . 1 10 . 4 . 8 . 3 5 . 6 3 2 5 2 . 17 3 11 2 . 7 Energy Gun 4 | . 2 . . . . . 1 . . . . . . . . . . . . . . . . . . . . . . . . . . . . . . 1 Energy Cannon 51 | . 1 . . . 4 1 1 . . . . . . 1 1 . . . . . . 1 . 2 3 . 3 1 1 3 1 . 12 3 7 2 . 3 Ballistic Gun 17 | 2 3 . . 2 6 . . . . . . . . . 1 . . . . . . . . . . . . . . . . . . . 2 . . 1 Ballistic Cannon 3 | . . . . . . . 1 . . . . . . . . . . . . . . . . . . . 1 . . . . . . . . . . 1 Launcher 25 | . . . . 2 2 3 . . . . . 2 . 1 . . 1 3 . 2 . 2 . 1 . . 1 2 1 . . . . . 2 . . . Special Weapon 8 | . . . . . . . . . . . . . . 4 . . . 1 . . . 2 . . . . . . . . . . . . . . . 1 Impact Weapon 1 | . . . . . . . . . . . . . . . . . . . . . . . . . . . 1 . . . . . . . . . . . Slashing Weapon 33 | . . . . . . 4 3 . . . . 3 2 7 1 . . 6 . 2 . 3 . . 2 . . . . . . . . . . . . . Piercing Weapon 8 | . . . . . . . . . . . . . . . . . . . . . . . . . . . . . . 2 1 . 5 . . . . . Special Melee Weapon 4 | . . . . . . 3 . . . . . . 1 . . . . . . . . . . . . . . . . . . . . . . . . . Unidentified Prototypes 42 | . 1 . . . 3 8 2 . . . . . 1 . 2 . . . 1 . . . 4 . 2 . . . . 4 . . 4 1 5 2 . 2 Corrupted Parts 4 | . . . . . . 1 . . . . . . . . . . . . . . . 1 . 1 . . . . . . . . . . . . . 1 System Corruption 12 | . . . . . . 1 . . . . . . . . . . . . . . . 1 . 1 . . . . . . . . . . . . . 9 Parts Lost 72 | . . . . . 13 3 . 1 . . . 2 3 4 . . . 3 . . . 1 . 3 5 . 3 . . . . . . . . 1 3 27 Power 12 | . . . . . 2 . . . . . . . . 1 . . . 1 . . . . . . 1 . 2 . . . . . . . . . 2 3 Propulsion 38 | . . . . . 7 3 . 1 . . . 2 2 3 . . . . . . . 1 . 2 2 . . . . . . . . . . . 1 14 Utility 16 | . . . . . 3 . . . . . . . 1 . . . . 2 . . . . . . 2 . . . . . . . . . . 1 . 7 Weapon 6 | . . . . . 1 . . . . . . . . . . . . . . . . . . 1 . . 1 . . . . . . . . . . 3 Highest Loss Streak 11 | . . . . . 7 1 . 1 . . . 1 2 2 . . . 1 . . . 1 . 2 2 . 1 . . . . . . . . 1 3 11 To Critical Strikes . | . . . . . . . . . . . . . . . . . . . . . . . . . . . . . . . . . . . . . . . Average Slot Usage (%) 93 | . 96 100 100 100 90 95 92 91 92 92 92 85 88 96 88 86 87 93 94 93 94 94 90 86 91 100 97 100 100 99 100 100 98 94 92 94 90 90 Engine 1 | . 14 14 14 14 8 . . . . . . . . . . . . . . . . . . . . . . . . . . . . . . . . . Core 4 | . . . . . . 6 7 7 7 7 7 7 6 5 6 6 6 10 11 11 11 11 8 5 2 . 1 5 5 5 5 1 . . . . 3 1 Reactor 2 | . . . . . . . . . . . . . . . . . . . . . . . . . 3 10 7 5 5 5 5 7 7 4 4 4 2 11 Treads 3 | . 27 28 28 28 25 . . . . . . . . . . . . . . . . . . . . . . . . . . . . . . . . . Hover 21 | . . . . . . 22 23 22 22 23 23 16 22 17 16 20 20 28 29 28 29 28 29 28 25 26 25 26 26 25 26 33 32 38 39 39 34 31 Device 7 | . 5 . . . 6 7 7 7 7 7 7 6 5 2 . . 5 4 5 4 5 1 . 4 11 15 14 14 14 15 15 17 13 12 11 14 13 8 Storage 6 | . 14 14 14 14 9 7 7 7 7 7 7 7 6 6 6 6 6 5 5 5 5 5 5 5 5 5 5 5 5 5 5 4 4 4 4 4 4 4 Processor 7 | . 5 14 14 14 13 8 7 7 7 7 7 7 6 6 6 6 6 5 5 5 5 1 . . 3 5 5 5 5 5 5 4 9 8 13 13 11 12 Hackware 21 | . . . . . . 24 30 30 30 30 30 30 32 33 33 33 33 28 29 29 29 29 29 29 28 21 21 21 21 20 15 14 14 13 11 8 7 2 Protection 2 | . . . . . 8 3 . . . . . . . 3 5 6 . . . . . 7 10 6 1 5 5 5 5 5 10 5 3 4 1 1 1 4 Energy Cannon 1 | . 1 . . . 6 . . . . . . . . . 1 . . . . . . . . 4 4 5 7 4 . 2 1 . 2 4 3 4 3 1 Ballistic Gun 2 | . 16 28 28 27 11 . . . . . . . . . . . . . . . . . . . . . . . . . . . . . . . . . Slashing Weapon 3 | . . . . . . 6 6 7 7 7 7 6 5 5 6 6 6 4 5 4 5 2 5 . 1 5 . . . . . . . . . . . . Naked Turns . | . . . . . . . . . . . . . . . . . . . . . . . . . . . . . . . . . . . . . . . Heaviest Build 173 | 10 31 31 31 31 61 28 22 22 22 22 22 25 35 40 40 32 42 51 36 62 56 65 63 70 79 74 83 77 77 81 88 83 101 94 123 123 107 173 Greatest Support 179 | 40 40 40 40 40 60 26 26 26 26 26 26 26 39 100 100 27 47 48 48 59 59 66 66 66 83 83 84 84 84 85 81 125 107 141 159 161 179 161 Greatest Overweight (x) 3 | . 1 . . . 1 1 . 1 1 . . 3 2 1 1 1 1 1 . 1 . 1 . 1 1 . . . . . 1 . . . . . . 1 Average Overweight (x) . | . . . . . . . . . . . . . . . . 1 . . . . . . . . . . . . . . . . . . . . . . Largest Inventory Capacity 25 | 8 15 15 15 15 15 15 10 10 10 10 10 10 15 15 15 15 15 15 15 20 20 20 20 20 20 20 20 20 20 20 20 20 20 20 25 20 20 20 Average Capacity 15 | 7 10 15 15 15 15 10 10 10 10 10 10 10 12 15 15 15 15 15 15 16 20 20 20 20 20 20 20 20 20 20 20 20 20 20 20 20 20 20 Most Carried 20 | 6 15 15 15 15 15 15 10 10 10 10 10 10 15 15 15 15 15 15 15 20 20 20 20 20 20 20 20 20 20 20 20 19 20 20 20 20 20 20 Average Carried 15 | 3 10 14 15 14 14 9 10 9 10 10 10 9 12 14 14 15 14 14 14 16 20 19 19 18 19 19 19 19 19 19 20 18 19 19 19 19 19 18 Final Capacity 20 | 8 15 15 15 15 15 10 10 10 10 10 10 10 15 15 15 15 15 15 15 20 20 20 20 20 20 20 20 20 20 20 20 20 20 20 20 20 20 20 Final Carried 20 | 6 15 15 15 15 15 10 10 10 10 10 10 10 15 15 15 15 14 15 15 20 20 20 20 18 20 20 20 20 20 20 20 19 20 20 20 20 18 19 Class Distribution -------------------- 40% | Wizard-Mutant 27% | Hacker-Mutant 10% | Mutant 5% | Scavenger-Mutant 3% | Machinist-Scout 3% | Hacker-Sprinter Dominant Class ---------------- Mutant | -10/Materials Mutant | -10/Mines Mutant | -10/Exiles Mutant | -9/Mines Scavenger-Mutant | -8/Materials Hacker-Mutant | -7/Factory Hacker-Mutant | -7/Waste Hacker-Mutant | -7/Factory Hacker-Mutant | -7/Lower Caves Hacker-Mutant | -7/Lower Caves Hacker-Mutant | -7/Zion Hacker-Mutant | -6/Proximity Caves Wizard-Mutant | -6/Factory Wizard-Mutant | -6/Extension Wizard-Mutant | -6/Cetus Wizard-Mutant | -6/Archives Wizard-Mutant | -6/Hub_04(d) Wizard-Mutant | -5/Factory Wizard-Mutant | -5/Waste Wizard-Mutant | -5/Factory Wizard-Mutant | -5/Upper Caves Wizard-Mutant | -5/Upper Caves Wizard-Mutant | -5/Zhirov Wizard-Mutant | -4/Proximity Caves Wizard-Mutant | -4/Factory Hacker-Mutant | -4/Waste Hacker-Mutant | -4/Factory Hacker-Mutant | -4/Upper Caves Hacker-Mutant | -4/Upper Caves Hacker-Mutant | -4/Warlord Hacker-Mutant | -3/Proximity Caves Hacker-Sprinter | -3/Research Hacker-Sprinter | -3/Quarantine Machinist-Scout | -2/Research Hacker-Scout | -2/Testing Machinist-Scout | -2/Section 7 Machinist-Sprinter | -1/Access Generator-Sprinter | -1/Command Resources | -11 -10 -10 -10 -9 -8 -7 -7 -7 -7 -7 -7 -6 -6 -6 -6 -6 -6 -5 -5 -5 -5 -5 -5 -4 -4 -4 -4 -4 -4 -4 -3 -3 -3 -2 -2 -2 -1 -1 ----------- Run | Scr Mat Min Exi Min Mat Fac Was Fac Low Low Zio Pro Fac Ext Cet Arc Hub Fac Was Fac Upp Upp Zhi Pro Fac Was Fac Upp Upp War Pro Res Qua Res Tes Sec Acc Com Matter Collected 10513 | 235 277 13 . 128 1133 723 80 88 34 16 14 105 593 1064 110 . 10 779 42 296 10 396 157 173 656 57 524 101 180 . 322 . 514 140 30 520 164 829 Remotely . | . . . . . . . . . . . . . . . . . . . . . . . . . . . . . . . . . . . . . . . Salvage Created 15777 | . 447 . . 78 1850 591 . . 22 . . 66 1587 2116 . 34 349 2165 . 546 . 360 186 307 1067 . 530 126 112 . 147 . 691 . . 581 188 1631 Parts 754 | . 30 . . 12 101 37 . . 1 . . 5 92 69 . 4 25 104 . 25 . 14 . 11 58 . 20 8 1 . 11 . 25 . . 24 9 68 Haulers Intercepted 23 | . 2 . . . 6 1 . . . . . . 3 4 . . . 6 . 1 . . . . . . . . . . . . . . . . . . Recyclers Shooed 5 | . . 1 . . 1 . . . . . . . . 2 . . . 1 . . . . . . . . . . . . . . . . . . . . Parts Field Recycled . | . . . . . . . . . . . . . . . . . . . . . . . . . . . . . . . . . . . . . . . Retrieved Matter . | . . . . . . . . . . . . . . . . . . . . . . . . . . . . . . . . . . . . . . . Parts Self-Destructed 67 | . . . . . . . . . 8 13 . 14 . . . . . . . . . 11 . 4 . . . 5 . 2 10 . . . . . . . Prevented 16 | . . . . . . . . . . 3 . . . . . . . . . . . . . 5 . . . 2 1 5 . . . . . . . . Kills | -11 -10 -10 -10 -9 -8 -7 -7 -7 -7 -7 -7 -6 -6 -6 -6 -6 -6 -5 -5 -5 -5 -5 -5 -4 -4 -4 -4 -4 -4 -4 -3 -3 -3 -2 -2 -2 -1 -1 ------- Run | Scr Mat Min Exi Min Mat Fac Was Fac Low Low Zio Pro Fac Ext Cet Arc Hub Fac Was Fac Upp Upp Zhi Pro Fac Was Fac Upp Upp War Pro Res Qua Res Tes Sec Acc Com Combat Hostiles Destroyed 212 | . 10 . . 9 32 9 . . . . . 5 11 20 . . 2 18 . 7 . 9 . 7 8 . 6 5 2 . 5 . 6 . . 12 4 25 Melee 48 | . . . . . . 6 . . . . . 1 11 12 . . . 10 . 3 . 1 . . 1 . . . 1 . . . 2 . . . . . Guns 23 | . 7 . . 2 13 . . . . . . . . . . . . . . . . . . . . . . . . . . . . . . . . 1 Cannons 51 | . 3 . . . 12 . . . . . . . . 1 . . . . . . . . . 4 5 . 3 1 . . 1 . 3 . . 6 . 12 AOE 78 | . . . . 7 6 3 . . . . . 4 . 7 . . 2 8 . 4 . 8 . 3 . . 3 4 . . 4 . . . . 5 4 6 Classes Destroyed 22 | . 5 . . . 7 1 . . . . . . 3 1 . . . . . . . 2 . . . . 1 . . . . . 1 . . . . 1 Worker 36 | . . . . . 2 2 . . . . . . 8 1 . . . 7 . 2 . . . . 5 . . . . . . . . . . 1 2 6 Builder 19 | . . . . . 2 3 . . . . . . 2 2 . . 3 5 . . . . . . . . 2 . . . . . . . . . . . Tunneler 9 | . . . . . 2 . . . . . . . . . . . 1 5 . . . . . . 1 . . . . . . . . . . . . . Hauler 23 | . 2 . . . 6 1 . . . . . . 3 4 . . . 6 . 1 . . . . . . . . . . . . . . . . . . Recycler 28 | . . . . . . 2 . . . . . . 3 6 . . 1 4 . 1 . . . . 2 . 2 . . . . . 2 . . 1 1 3 Minesweeper 1 | . . . . . . . . . . . . . . . . . . . . . . 1 . . . . . . . . . . . . . . . . Operator 5 | . 1 . . . 1 . . . . . . . 1 . . 1 . 1 . . . . . . . . . . . . . . . . . . . . Drone 1 | . . . . . . . . . . . . . 1 . . . . . . . . . . . . . . . . . . . . . . . . . Watcher 25 | . 2 . . . 1 . . . . . . . 6 1 . . . 4 . . . . . . 4 . 2 . . . . . 2 . . 2 . 1 Swarmer 70 | . 3 . . 8 2 4 . . . . . 5 . . . . . 9 . 2 . 8 . 4 . . 1 4 1 . 4 . . . . 5 4 6 Cutter 2 | . . . . . . . . . . . . . . . . . . . . . . . . . . . 2 . . . . . . . . . . . Grunt 54 | . 7 . . 1 20 4 . . . . . . 1 12 . . . 1 . 1 . . . . 3 . . . 1 . . . 2 . . 1 . . Brawler 2 | . . . . . . . . . . . . . . . . . . . . . . . . . . . . . . . . . . . . . . 2 Duelist 3 | . . . . . . . . . . . . . 2 1 . . . . . . . . . . . . . . . . . . . . . . . . Researcher 2 | . . . . . . . . . . . . . . . . . . . . . . . . . . . . . . . . . 1 . . 1 . . Sentry 28 | . . . . . 6 . . . . . . . 4 4 . . . 2 . . . 1 . 1 2 . 1 1 . . 1 . . . . 2 . 3 Specialist 2 | . . . . . 2 . . . . . . . . . . . . . . . . . . . . . . . . . . . . . . . . . Hunter 25 | . . . . . 2 1 . . . . . . 2 2 . . 2 2 . 2 . . . 2 . . . . . . . . 2 . . . . 8 Programmer 22 | . . . . . . . . . . . . . 1 . . . . 4 . 2 . . . . 3 . 2 . . . . . 2 . . 3 . 5 Heavy 1 | . . . . . 1 . . . . . . . . . . . . . . . . . . . . . . . . . . . . . . . . . Behemoth 1 | . . . . . . . . . . . . . . 1 . . . . . . . . . . . . . . . . . . . . . . . . S7 Guard 1 | . . . . . . . . . . . . . . . . . . . . . . . . . . . . . . . . . . . . 1 . . M Guard 1 | . . . . . . . . . . . . . . . . . . . . . . . . . . . . . . . . . . . . . . 1 Surgeon 1 | . . . . . . . . . . . . . . . . . . . . . . 1 . . . . . . . . . . . . . . . . Guerrilla 1 | . . . . . . 1 . . . . . . . . . . . . . . . . . . . . . . . . . . . . . . . . Best Kill Streak 10 | . 5 . . 4 5 5 . . . . . 2 4 10 . 1 3 6 . 5 . 8 . 3 3 . 4 4 1 . 4 . 1 . . 4 7 7 Combat Bots Only 8 | . 5 . . 4 5 3 . . . . . 2 3 6 . . 2 5 . 4 . 8 . 3 3 . 3 4 1 . 4 . 1 . . 3 4 6 Max Kills in Single Turn 5 | . 1 . . 3 2 5 . . . . . 2 1 3 . 1 3 3 . 2 . 3 . 3 3 . 2 3 1 . 3 . 1 . . 3 4 4 Gunslinging . | . . . . . . . . . . . . . . . . . . . . . . . . . . . . . . . . . . . . . . . Exploded 4 | . . . . 3 2 3 . . . . . 2 . 2 . . 2 3 . 2 . 3 . 3 . . 1 3 . . 3 . . . . 3 2 4 Melee 1 | . . . . . . 1 . . . . . 1 1 1 . . . 1 . 1 . 1 . . 1 . . . 1 . . . 1 . . . . . Uniques/NPCs Destroyed . | . . . . . . . . . . . . . . . . . . . . . . . . . . . . . . . . . . . . . . . Combat | -11 -10 -10 -10 -9 -8 -7 -7 -7 -7 -7 -7 -6 -6 -6 -6 -6 -6 -5 -5 -5 -5 -5 -5 -4 -4 -4 -4 -4 -4 -4 -3 -3 -3 -2 -2 -2 -1 -1 -------- Run | Scr Mat Min Exi Min Mat Fac Was Fac Low Low Zio Pro Fac Ext Cet Arc Hub Fac Was Fac Upp Upp Zhi Pro Fac Was Fac Upp Upp War Pro Res Qua Res Tes Sec Acc Com Damage Taken 21507 | . 184 . . 120 2762 660 . 85 . 22 . 183 810 1507 44 21 130 1099 . 316 . 463 . 1145 1037 . 1118 51 217 . . 38 626 34 128 641 1027 7039 Core 3929 | . 62 . . 19 399 106 . 13 . . . 33 122 502 38 21 36 135 . . . 63 . 192 120 . 146 . . . . . 206 . 51 91 182 1392 Absorbed by Shields 492 | . . . . . . . . . . . . . . . 17 . . . . . . . . . . . . . . . . . . . . . . 475 Redirected to Core 413 | . . . . . . . . . . . . . . . . . . . . . . . . . . . . . . . . . . . . . . 413 Redirected to Shielding 710 | . . . . . 85 . . . . . . . . 18 . . . . . . . . . 72 . . 116 . 38 . . . 38 30 . 42 43 228 Regen/Repaired (Parts) 5131 | . 71 . . . 11 . . . . . . . 425 . . . . 972 . . . . . . 1226 . 597 . . . . 187 213 192 65 . . 1172 Core Remaining (%) 58 | 100 . . . 67 27 . . . . . . 78 . . . . 15 . . . . . . 61 . . . . . . 76 . 77 . . 83 . 1 Volleys Fired 699 | . 31 . . 10 122 2 . . . . . 5 . 42 . . 2 6 . 4 . 10 . 17 99 . 79 8 9 . 4 1 55 4 26 64 9 90 Largest 2 | . 2 . . 2 2 1 . . . . . 1 . 1 . . 1 1 . 1 . 1 . 1 1 . 1 1 1 . 1 1 1 1 1 1 1 2 Hottest 150 | . 110 . . 46 150 39 . . . . . 39 . 105 . . 80 80 . 80 . 80 . 94 105 . 94 94 94 . 100 80 105 105 130 130 130 130 Shots Fired 859 | . 62 . . 16 234 3 . . . . . 5 . 42 . . 2 6 . 4 . 9 . 18 99 . 79 8 9 . 4 1 55 4 26 64 9 100 Gun 258 | . 55 . . 12 175 . . . . . . . . . . . . . . . . . . . . . . . . . . . . . 7 . . 9 Cannon 497 | . 7 . . . 51 . . . . . . . . 3 . . . . . . . . . 17 99 . 75 4 7 . 2 . 55 4 19 62 6 86 Launcher 86 | . . . . 4 8 3 . . . . . 5 . 22 . . 2 6 . 4 . 9 . 1 . . 4 4 2 . 2 1 . . . 2 3 4 Special 18 | . . . . . . . . . . . . . . 17 . . . . . . . . . . . . . . . . . . . . . . . 1 Kinetic 272 | . 38 . . 12 175 . . . . . . . . . . . . . . . . . . . . . 23 . . . . . . . 7 . . 17 Thermal 355 | . 24 . . . 51 . . . . . . . . 3 . . . . . . . . . 8 91 . 36 . . . . . 45 4 18 60 6 9 Explosive 85 | . . . . 4 8 2 . . . . . 5 . 22 . . 2 6 . 4 . 9 . 1 . . 4 4 2 . 2 1 . . . 2 3 4 Electromagnetic 79 | . . . . . . 1 . . . . . . . . . . . . . . . . . 9 8 . 16 4 7 . . . . . . . . 34 Entropic 50 | . . . . . . . . . . . . . . . . . . . . . . . . . . . . . . . 2 . 10 . 1 2 . 35 Robot Hit Streak 32 | . 8 . . 4 16 1 . . . . . 3 . 26 . . . . . . . 30 . 32 7 . 12 3 2 . 3 . 11 . 13 6 3 7 Robot Miss Streak 3 | . 3 . . 3 2 2 . . . . . . . . . . . . . . . . . 2 3 . 2 1 2 . . . 2 . . 1 . 3 Penetration Max 1 | . . . . . . . . . . . . . . . . . . . . . . . . . . . . . . . 1 . . . . . . 1 Secondary Targets 4 | . 1 . . 1 2 . . . . . . . . . . . . . . . . . . . . . . . . . . . . . . . . . Max Gunslinging Chain 1 | . 1 . . 1 1 . . . . . . . . . . . . . . . . . . . . . . . . . . . . . . . . . Shots Hit Robots 666 | . 42 . . 8 171 27 . . 1 . . 4 49 65 . 1 4 63 . 12 . 13 4 16 36 . 27 3 4 . 2 . 27 . 6 22 2 57 Core Hits 437 | . 22 . . 10 81 20 . . . . . 7 24 55 . 1 12 37 . 14 . 11 1 9 22 . 16 5 2 . 6 . 14 . 2 17 9 40 Critical Kills 5 | . . . . . 1 . . . . . . . . . . . . . . . . . . . 1 . . . . . . . 1 . . 1 . 1 Critical Parts Destroyed 4 | . . . . . . . . . . . . . . . . . . . . . . . . . . . . . . . . . . . 4 . . . Critical Strikes 66 | . 2 . . . 1 6 . . . . . . 5 7 . . . 4 . 1 . 1 . 1 2 . . . . . 2 . 4 . 5 2 . 23 Burn 2 | . 2 . . . . . . . . . . . . . . . . . . . . . . . . . . . . . . . . . . . . . Meltdown 5 | . . . . . 1 . . . . . . . . . . . . . . . . . . . 1 . . . . . . . 1 . . 1 . 1 Destroy 5 | . . . . . . . . . . . . . . . . . . . . . . . . . . . . . . . . . . . 5 . . . Blast 1 | . . . . . . . . . . . . . . . . . . . . . . . . . . . . . . . . . . . . . . 1 Corrupt 4 | . . . . . . . . . . . . . . . . . . . . . . . . . . . . . . . . . . . . . . 4 Sever 26 | . . . . . . 6 . . . . . . 5 7 . . . 4 . 1 . 1 . 1 1 . . . . . . . . . . . . . Sunder 23 | . . . . . . . . . . . . . . . . . . . . . . . . . . . . . . . 2 . 3 . . 1 . 17 Melee Attacks 571 | . . . . . . 73 . 4 1 3 1 12 141 56 . 1 15 138 1 31 . 15 4 8 32 . 2 1 2 1 . 11 18 . . . . . Impact 3 | . . . . . . . . . . . . . . . . . . . . . . . . . . . . 1 2 . . . . . . . . . Slashing 534 | . . . . . . 70 . 4 1 3 1 12 140 56 . 1 15 138 1 31 . 15 4 8 32 . 2 . . . . . . . . . . . Piercing 9 | . . . . . . . . . . . . . . . . . . . . . . . . . . . . . . . . . 9 . . . . . Entropic 21 | . . . . . . . . . . . . . . . . . . . . . . . . . . . . . . 1 . 11 9 . . . . . Sneak Attacks 78 | . . . . . . 7 . . . . . . 20 9 . 1 4 28 . 2 . 2 . 1 2 . . . . . . . 2 . . . . . Combat Hostiles 6 | . . . . . . 2 . . . . . . 1 2 . . . . . . . . . 1 . . . . . . . . . . . . . . Follow-up Attacks . | . . . . . . . . . . . . . . . . . . . . . . . . . . . . . . . . . . . . . . . Damage Inflicted 46796 | 1 599 2 . 515 4257 2224 . . 143 . . 533 4677 6087 . 106 792 7542 . 1824 . 2019 611 1071 2128 . 1335 450 159 . 571 . 1540 . 163 2366 580 4501 Guns 2769 | . 511 . . 106 2000 . . . . . . . . . . . . . . . . . . . . . . . . . . . . . 55 . . 97 Cannons 10994 | . 73 . . . 1041 . . . . . . . . 157 . . . . . . . . . 432 1293 . 1061 113 129 . 275 . 772 . 108 1828 . 3712 Explosions 11564 | . . . . 396 1173 551 . . . . . 405 . 2534 . . 450 916 . 754 . 1105 . 249 314 . 274 337 . . 296 . . . . 538 580 692 Melee 21394 | . . . . . . 1673 . . 143 . . 128 4677 3396 . 106 341 6626 . 1070 . 914 611 390 521 . . . 30 . . . 768 . . . . . Ramming 75 | 1 15 2 . 13 43 . . . . . . . . . . . 1 . . . . . . . . . . . . . . . . . . . . . Kinetic 3275 | . 359 . . 106 2000 . . . . . . . . . . . . . . . . . . . . . 399 . . . . . . . 55 . . 356 Thermal 5799 | . 225 . . . 1041 . . . . . . . . 157 . . . . . . . . . 165 1227 . 172 . . . . . 610 . 108 1731 . 363 Explosive 10659 | . . . . 396 1173 344 . . . . . 405 . 2534 . . . 916 . 754 . 1105 . 249 104 . 236 337 . . 296 . . . . 538 580 692 Electromagnetic 2759 | . . . . . . 207 . . . . . . . . . . 450 . . . . . . 267 276 . 528 113 129 . . . . . . . . 789 Impact 30 | . . . . . . . . . . . . . . . . . . . . . . . . . . . . . 30 . . . . . . . . . Slashing 20596 | . . . . . . 1673 . . 143 . . 128 4677 3396 . 106 341 6626 . 1070 . 914 611 390 521 . . . . . . . . . . . . . Piercing 266 | . . . . . . . . . . . . . . . . . . . . . . . . . . . . . . . . . 266 . . . . . Entropic 3337 | . . . . . . . . . . . . . . . . . . . . . . . . . . . . . . . 275 . 664 . . 97 . 2301 Highest Corruption 28 | . . . . . . 3 3 3 3 3 3 . 1 1 1 1 2 9 24 26 26 27 27 28 3 3 7 7 7 7 . 1 6 . . 1 . 21 Average Corruption 6 | . . . . . . 2 3 3 3 3 3 . 1 1 1 1 1 7 18 24 26 26 27 27 2 3 4 7 7 7 . 1 2 . . 1 . 13 Corruption Purged 1 | . . . . . . . . . . . . . . . . . . 1 . . . . . . . . . . . . . . . . . . . . Corruption Blocked . | . . . . . . . . . . . . . . . . . . . . . . . . . . . . . . . . . . . . . . . Effects 388 | . . . . . . 26 6 11 9 12 1 . 17 9 . 2 4 40 5 27 10 22 6 17 18 3 39 6 8 . . . 17 . . 3 . 70 Message Errors 100 | . . . . . . 7 1 5 . 5 . . 4 1 . 1 1 11 . 7 1 4 2 4 2 2 14 1 3 . . . 4 . . 1 . 19 Matter Fused 108 | . . . . . . 8 2 4 3 3 1 . 6 2 . . . 10 2 8 3 6 2 3 9 1 7 3 2 . . . 5 . . 1 . 17 Heat Flow Errors 34 | . . . . . . 1 1 . 3 . . . 2 1 . 1 1 5 . 3 1 2 1 1 1 . 7 . . . . . . . . . . 3 Energy Discharges 47 | . . . . . . 1 . . 2 . . . 3 2 . . 1 3 1 3 3 3 . 4 4 . 4 . . . . . 4 . . . . 9 Parts Rejected 6 | . . . . . . 1 . . . . . . 1 . . . . . . . . 1 . . . . . . . . . . . . . 1 . 2 Data Loss (minor) 44 | . . . . . . 4 2 1 1 1 . . 1 1 . . 1 8 1 3 1 1 . 3 1 . 6 . 1 . . . 2 . . . . 5 Data Loss (major) 18 | . . . . . . 3 . 1 . . . . . 2 . . . 2 1 2 . 2 1 1 . . . 1 2 . . . . . . . . . Misfires 7 | . . . . . . 1 . . . . . . . . . . . . . . . . . 1 . . . . . . . . 1 . . . . 4 Alerts 10 | . . . . . . . . . . 3 . . . . . . . 1 . . 1 1 . . 1 . 1 1 . . . . . . . . . 1 Misdirections 11 | . . . . . . . . . . . . . . . . . . . . 1 . 1 . . . . . . . . . . . . . . . 9 Weapon Failures 3 | . . . . . . . . . . . . . . . . . . . . . . 1 . . . . . . . . . . 1 . . . . 1 Overload Shots 11 | . . . . . . . . . . . . . . 2 . . . . . . . . . . 9 . . . . . . . . . . . . . Overflow Damage 6370 | . . . . 36 77 262 . . 135 . . 54 1045 285 . . 156 2081 . 232 . 539 436 76 249 . 118 43 . . 21 . 49 . . 334 55 87 Projectiles 579 | . . . . . 20 . . . . . . . . . . . . . . . . . . 20 9 . 118 . . . . . 4 . . 324 . 84 Explosions 686 | . . . . 36 57 18 . . . . . 10 . 48 . . . 37 . 134 . 79 . 3 132 . . 43 . . 21 . . . . 10 55 3 Melee 5105 | . . . . . . 244 . . 135 . . 44 1045 237 . . 156 2044 . 98 . 460 436 53 108 . . . . . . . 45 . . . . . Knockbacks 8 | . . . . . 1 . . . . . . . . . . . . . . . . . . . . . 6 . . . . . . . . . . 1 Impact 1 | . . . . . 1 . . . . . . . . . . . . . . . . . . . . . . . . . . . . . . . . . Kinetic 6 | . . . . . . . . . . . . . . . . . . . . . . . . . . . 5 . . . . . . . . . . 1 Secondary 1 | . . . . . . . . . . . . . . . . . . . . . . . . . . . 1 . . . . . . . . . . . Self-Inflicted Damage 561 | . . . . 7 159 21 . . . . . 35 . 12 . . 40 . . . . 50 . . 110 . 127 . . . . . . . . . . . Shots 18 | . . . . 1 8 2 . . . . . 1 . 1 . . 1 . . . . 1 . . 1 . 2 . . . . . . . . . . . Rammed 12 | 1 2 1 . 3 4 . . . . . . . . . . . 1 . . . . . . . . . . . . . . . . . . . . . Targets Rammed 15 | 1 3 1 . 3 6 . . . . . . . . . . . 1 . . . . . . . . . . . . . . . . . . . . . Kicked . | . . . . . . . . . . . . . . . . . . . . . . . . . . . . . . . . . . . . . . . Crushed 3 | . 1 . . . 2 . . . . . . . . . . . . . . . . . . . . . . . . . . . . . . . . . Highest Temperature 365 | . 292 . . 12 128 284 269 . 273 . . . 231 250 . 112 268 215 . 243 234 365 235 289 337 . 312 175 342 30 64 7 88 25 48 44 21 158 Average Temperature 89 | . 67 . . 5 23 134 136 . 105 . . . 118 69 . 68 103 69 . 88 132 104 184 114 143 . 91 53 50 8 29 3 31 10 13 20 12 105 Received Heat Transfer 2435 | . 135 . . . 909 96 . 18 . 6 . . 117 348 . . 6 36 . 9 . 126 . 27 141 . 27 9 72 . . 9 39 . 18 36 9 242 Effects 12 | . . . . . . . . . . . . . . . . . . . . . 3 5 1 . 2 . . . 1 . . . . . . . . . Shutdowns 2 | . . . . . . . . . . . . . . . . . . . . . . 1 . . . . . . 1 . . . . . . . . . Energy Bleed 4 | . . . . . . . . . . . . . . . . . . . . . . 1 1 . 2 . . . . . . . . . . . . . Interference 5 | . . . . . . . . . . . . . . . . . . . . . 3 2 . . . . . . . . . . . . . . . . Short Circuit 1 | . . . . . . . . . . . . . . . . . . . . . . 1 . . . . . . . . . . . . . . . . Siege Activations . | . . . . . . . . . . . . . . . . . . . . . . . . . . . . . . . . . . . . . . . Robots Corrupted 10 | . . . . . . . . . . . . . . . . . . . . . . . . . 2 . 1 . 1 . . . . . . . . 6 Combat Hostiles 9 | . . . . . . . . . . . . . . . . . . . . . . . . . 2 . . . 1 . . . . . . . . 6 Parts Fried 25 | . . . . . . . . . . . . . . . . . 3 . . . . . . 4 1 . 5 . 3 . . . . . . . . 9 Impact Corruptions . | . . . . . . . . . . . . . . . . . . . . . . . . . . . . . . . . . . . . . . . Robots Melted 5 | . . . . . 1 . . . . . . . . . . . . . . . . . . . 1 . . . . . . . 1 . . 1 . 1 Combat Hostiles 3 | . . . . . 1 . . . . . . . . . . . . . . . . . . . . . . . . . . . 1 . . 1 . . Parts Melted 22 | . 3 . . . 6 . . . . . . . . . . . . 1 . . . . . . 8 . . . . . . . 2 . . . . 2 Heat Transferred 6280 | . 740 . . . 1517 . . . . . . . . 210 . . . . . . . . . 250 1410 . 250 . . . . . 592 . 111 1000 . 200 Parts Sabotaged . | . . . . . . . . . . . . . . . . . . . . . . . . . . . . . . . . . . . . . . . Parts Stolen . | . . . . . . . . . . . . . . . . . . . . . . . . . . . . . . . . . . . . . . . Parts Stripped . | . . . . . . . . . . . . . . . . . . . . . . . . . . . . . . . . . . . . . . . Power Chain Reactions 1 | . . . . . . . . . . . . . . . . . . . . . . . . . . . 1 . . . . . . . . . . . Missiles Intercepted . | . . . . . . . . . . . . . . . . . . . . . . . . . . . . . . . . . . . . . . . Alert | -11 -10 -10 -10 -9 -8 -7 -7 -7 -7 -7 -7 -6 -6 -6 -6 -6 -6 -5 -5 -5 -5 -5 -5 -4 -4 -4 -4 -4 -4 -4 -3 -3 -3 -2 -2 -2 -1 -1 ------- Run | Scr Mat Min Exi Min Mat Fac Was Fac Low Low Zio Pro Fac Ext Cet Arc Hub Fac Was Fac Upp Upp Zhi Pro Fac Was Fac Upp Upp War Pro Res Qua Res Tes Sec Acc Com Peak Influence 1530 | . 145 22 . 312 420 347 64 710 . . . . 357 318 560 415 714 509 162 595 . . . . 472 225 448 . . . . 237 458 364 358 794 850 1530 Initial 544 | . . 22 . . 43 142 64 44 . . . . . 42 . 224 144 349 22 113 . . . . 100 107 136 . . . . 94 132 257 89 8 476 544 Average 220 | . 35 22 . 186 165 141 64 378 . . . . 94 139 255 348 305 133 110 304 . . . . 210 177 167 . . . . 129 170 240 190 276 639 1303 Maximum Alert Level 5 | . . . . 1 2 1 . 3 . . . . 1 1 2 2 3 2 . 2 . . . . 2 1 2 . . . . 1 2 1 1 3 3 5 Low Security (%) 63 | 100 100 100 . 49 55 93 100 12 . . . . 89 60 42 . 21 80 100 30 . . . . 48 89 63 . . . . 91 58 48 39 47 . . Level 1 25 | . . . . 50 41 6 . 38 . . . . 10 39 35 47 70 12 . 43 . . . . 43 10 31 . . . . 8 37 51 60 34 . . Level 2 5 | . . . . . 3 . . 47 . . . . . . 22 52 8 7 . 25 . . . . 8 . 5 . . . . . 4 . . 6 55 3 Level 3 . | . . . . . . . . 1 . . . . . . . . . . . . . . . . . . . . . . . . . . . 11 45 6 Level 4 4 | . . . . . . . . . . . . . . . . . . . . . . . . . . . . . . . . . . . . . . 87 Level 5 . | . . . . . . . . . . . . . . . . . . . . . . . . . . . . . . . . . . . . . . 2 High Security . | . . . . . . . . . . . . . . . . . . . . . . . . . . . . . . . . . . . . . . . Max Security . | . . . . . . . . . . . . . . . . . . . . . . . . . . . . . . . . . . . . . . . Squads Dispatched 117 | . 1 . . . 4 9 . 4 . . . . 13 2 . . 3 14 . 12 . . . . 12 . 9 . . . . 2 5 . 2 8 2 15 Investigation 34 | . 1 . . . 1 4 . 2 . . . . 6 . . . 1 3 . 3 . . . . 6 . 3 . . . . 1 . . . . 1 2 Extermination 28 | . . . . . . 3 . . . . . . 5 . . . . 3 . 2 . . . . 4 . 4 . . . . . 2 . . 2 . 3 Reinforcement 36 | . . . . . 3 2 . 2 . . . . 2 2 . . 2 3 . 4 . . . . 2 . 2 . . . . 1 3 . 1 3 1 3 Assault 8 | . . . . . . . . . . . . . . . . . . 1 . . . . . . . . . . . . . . . . . . . 7 Garrison 11 | . . . . . . . . . . . . . . . . . . 4 . 3 . . . . . . . . . . . . . . 1 3 . . Intercept . | . . . . . . . . . . . . . . . . . . . . . . . . . . . . . . . . . . . . . . . Searches Triggered 1 | . . . . . . . . . . . . . . . . . . . . . . . . . 1 . . . . . . . . . . . . . Construction Impeded 9 | . . . . . . 1 . 1 . . . . . 1 . . . . . 3 . . . . 1 . 1 . . . . . . . . 1 . . Haulers Reinforced 4 | . . . . . . 1 . . . . . . . . . . . 1 . . . . . . . . . . . . . . 1 . . 1 . . Active Scanning Responses . | . . . . . . . . . . . . . . . . . . . . . . . . . . . . . . . . . . . . . . . Cargo Convoy Interrupts 1 | . . . . . . 1 . . . . . . . . . . . . . . . . . . . . . . . . . . . . . . . . Stealth | -11 -10 -10 -10 -9 -8 -7 -7 -7 -7 -7 -7 -6 -6 -6 -6 -6 -6 -5 -5 -5 -5 -5 -5 -4 -4 -4 -4 -4 -4 -4 -3 -3 -3 -2 -2 -2 -1 -1 --------- Run | Scr Mat Min Exi Min Mat Fac Was Fac Low Low Zio Pro Fac Ext Cet Arc Hub Fac Was Fac Upp Upp Zhi Pro Fac Was Fac Upp Upp War Pro Res Qua Res Tes Sec Acc Com Distress Signals 51 | . 3 . . . 4 2 . . 1 . . . 3 6 2 . . 2 . 1 . . . . 4 . 2 . . . 5 . 3 5 1 3 . 4 Communications Jammed 138 | . . . . . . . . . . . . . . . . . . . . . . . . . 63 . 26 . . . . . 10 . . 21 5 13 Distress Signals 105 | . . . . . . . . . . . . . . . . . . . . . . . . . 40 . 26 . . . . . 10 . . 21 5 3 Times Spotted 630 | . 16 . . 10 63 22 . 10 2 1 . 7 28 36 15 1 16 26 4 16 . 9 . 4 58 3 26 1 3 1 2 17 26 2 6 26 21 152 Peak Tracking Total 63 | . 6 . . 4 7 10 . 4 1 1 . 4 3 5 5 1 10 4 2 4 . 5 . 2 6 1 8 1 1 1 2 8 4 2 3 15 12 63 Tactical Retreats 92 | . 1 . . . 11 6 . . . 1 . 2 5 4 . . 1 2 . 2 . 1 . 1 14 . 7 . 1 . 2 3 6 1 2 4 2 13 Traps | -11 -10 -10 -10 -9 -8 -7 -7 -7 -7 -7 -7 -6 -6 -6 -6 -6 -6 -5 -5 -5 -5 -5 -5 -4 -4 -4 -4 -4 -4 -4 -3 -3 -3 -2 -2 -2 -1 -1 ------- Run | Scr Mat Min Exi Min Mat Fac Was Fac Low Low Zio Pro Fac Ext Cet Arc Hub Fac Was Fac Upp Upp Zhi Pro Fac Was Fac Upp Upp War Pro Res Qua Res Tes Sec Acc Com Traps Triggered 28 | . 2 . . . 3 6 . . . . . . 4 2 . . . 1 . . . . . . 1 . 3 . . . . 2 . . 2 . . 2 Indirectly . | . . . . . . . . . . . . . . . . . . . . . . . . . . . . . . . . . . . . . . . Trap Hack Attempts . | . . . . . . . . . . . . . . . . . . . . . . . . . . . . . . . . . . . . . . . Triggered . | . . . . . . . . . . . . . . . . . . . . . . . . . . . . . . . . . . . . . . . Disarmed 5 | . . . . . . . . . . . . . . . . . . . . . . . . . . . 5 . . . . . . . . . . . Reprogrammed 33 | . . . . . . . . . . . . . . . . . . 18 . . . . . . 11 . . . . . . . . . . 4 . . Reused 15 | . . . . . . . . . . . . . . . . . . 6 . . . . . . 9 . . . . . . . . . . . . . Traps Extracted . | . . . . . . . . . . . . . . . . . . . . . . . . . . . . . . . . . . . . . . . Installed . | . . . . . . . . . . . . . . . . . . . . . . . . . . . . . . . . . . . . . . . Triggered 35 | . . . . . . 2 . . 1 2 . . . . . . . 6 . . . 1 . . 9 . . . . 12 2 . . . . . . . Most Traps Carried 2 | . . . . . . . . . . . . . . . . . . . . . . 2 2 . . . . . . . . . . . . . . . Machines | -11 -10 -10 -10 -9 -8 -7 -7 -7 -7 -7 -7 -6 -6 -6 -6 -6 -6 -5 -5 -5 -5 -5 -5 -4 -4 -4 -4 -4 -4 -4 -3 -3 -3 -2 -2 -2 -1 -1 ---------- Run | Scr Mat Min Exi Min Mat Fac Was Fac Low Low Zio Pro Fac Ext Cet Arc Hub Fac Was Fac Upp Upp Zhi Pro Fac Was Fac Upp Upp War Pro Res Qua Res Tes Sec Acc Com Machines Disabled 75 | . 1 . . . 2 1 . 10 . . . 1 1 2 2 1 9 . . 3 . . . . 7 . 5 . . 1 . . 9 . 10 8 1 1 Max in Single Turn 7 | . 1 . . . 1 1 . . . . . . 1 1 . . 7 . . . . . . . 4 . 1 . . 1 . . 1 . 2 1 1 1 Garrison Access 16 | . . . . . 1 1 . 1 . . . . 3 . . . 1 2 . . . . . . 2 . 1 . . . . 1 1 2 . . . . Network Hub 1 | . . . . . . . . . . . . . . . . . 1 . . . . . . . . . . . . . . . . . . . . . Machines Sabotaged . | . . . . . . . . . . . . . . . . . . . . . . . . . . . . . . . . . . . . . . . Garrisons Compromised 1 | . . . . . . 1 . . . . . . . . . . . . . . . . . . . . . . . . . . . . . . . . Overloaded Fab Kills . | . . . . . . . . . . . . . . . . . . . . . . . . . . . . . . . . . . . . . . . Hacking | -11 -10 -10 -10 -9 -8 -7 -7 -7 -7 -7 -7 -6 -6 -6 -6 -6 -6 -5 -5 -5 -5 -5 -5 -4 -4 -4 -4 -4 -4 -4 -3 -3 -3 -2 -2 -2 -1 -1 --------- Run | Scr Mat Min Exi Min Mat Fac Was Fac Low Low Zio Pro Fac Ext Cet Arc Hub Fac Was Fac Upp Upp Zhi Pro Fac Was Fac Upp Upp War Pro Res Qua Res Tes Sec Acc Com Machines Accessed 235 | . 8 . 1 . 16 12 . 10 1 . . 1 36 13 1 . 5 31 . 8 . 1 4 1 26 . 13 . . 4 . 4 11 3 4 3 8 10 Terminals 123 | . 6 . . . 10 5 . 5 1 . . 1 17 12 1 . 4 14 . 4 . 1 . 1 10 . 6 . . . . 2 7 . 2 2 6 6 Fabricators 25 | . . . . . . 4 . 2 . . . . 4 . . . . 4 . 2 . . . . 5 . 3 . . . . . . . 1 . . . Repair Stations 24 | . 1 . . . 1 . . 2 . . . . 4 . . . . 3 . . . . . . 4 . 1 . . . . 1 2 1 1 . 1 2 Recycling Units 25 | . 1 . . . 2 1 . . . . . . 5 1 . . . 6 . 2 . . . . 3 . 2 . . . . . . . . . . 2 Scanalyzers 13 | . . . . . 2 1 . . . . . . 3 . . . . 2 . . . . . . 2 . . . . . . . 1 . . 1 1 . Garrison Access 16 | . . . . . 1 1 . 1 . . . . 3 . . . 1 2 . . . . . . 2 . 1 . . . . 1 1 2 . . . . Total Hacks 801 | . 26 . 1 . 43 32 . 24 1 . . 1 103 24 1 . 10 131 . 29 . 1 17 1 122 . 69 . . 9 . 26 56 15 8 9 18 24 Successful 608 | . 7 . 1 . 26 22 . 17 1 . . 1 96 21 1 . 5 123 . 25 . 1 17 1 109 . 47 . . 9 . 13 27 8 6 7 9 8 Failed 189 | . 18 . . . 17 10 . 7 . . . . 7 3 . . 5 7 . 3 . . . . 13 . 22 . . . . 13 28 7 2 2 9 16 Catastrophic 30 | . 3 . . . 3 . . . . . . . . . . . . 1 . 1 . . . . 2 . 3 . . . . 2 7 . 1 1 1 5 Database Lockouts 4 | . 1 . . . . . . . . . . . . . . . . 1 . 1 . . . . . . . . . . . . 1 . . . . . Manual 357 | . 17 . . . 19 17 . 12 . . . . 44 8 2 . 9 50 . 24 . . . . 58 . 38 . . . . 11 25 . 5 3 5 10 Terminals 450 | . 20 . . . 29 14 . 15 1 . . 1 56 23 1 . 9 64 . 18 . 1 . 1 65 . 39 . . . . 16 38 . 5 7 13 14 Fabricators 75 | . . . . . . 12 . 6 . . . . 10 . . . . 11 . 4 . . . . 20 . 11 . . . . . . . 1 . . . Repair Stations 107 | . 4 . . . 2 . . 2 . . . . 14 . . . . 16 . . . . . . 20 . 13 . . . . 4 7 11 2 . 4 8 Recycling Units 60 | . 2 . . . 3 3 . . . . . . 12 1 . . . 18 . 7 . . . . 7 . 5 . . . . . . . . . . 2 Scanalyzers 54 | . . . . . 8 1 . . . . . . 8 . . . . 20 . . . . . . 8 . . . . . . . 6 . . 2 1 . Garrison Access 28 | . . . . . 1 2 . 1 . . . . 3 . . . 1 2 . . . . . . 2 . 1 . . . . 6 5 4 . . . . Terminal Hacks 272 | . 4 . 1 . 11 7 . 8 1 . . 1 42 18 1 . 4 47 . 11 . 1 17 1 37 . 15 . . 9 . 7 15 . 2 4 5 3 Record 13 | . . . 1 . . . . . 1 . . 1 . . . . . . . . . 1 5 1 . . . . . 2 . 1 . . . . . . Part Schematic 32 | . . . . . . 1 . 3 . . . . 9 1 . . . 8 . 2 . . 4 . 4 . . . . . . . . . . . . . Robot Analysis 12 | . 1 . . . 1 . . . . . . . 1 2 . . . 1 . . . . 4 . 1 . 1 . . . . . . . . . . . Prototype ID Bank 25 | . . . . . 2 . . . . . . . 3 1 . . . 3 . . . . 4 . 1 . . . . 5 . . 5 . . 1 . . Open Door 14 | . . . . . . . . . . . . . 1 6 1 . . . . . . . . . . . . . . 2 . . . . . . 3 1 Level Access Points 2 | . . . . . . . . . . . . . . . . . 1 . . . . . . . . . . . . . . . . . . . 1 . Branch Access Points 5 | . . . . . . . . 1 . . . . . . . . . 1 . . . . . . . . 1 . . . . 1 . . . . 1 . Machine Index 7 | . . . . . . . . 1 . . . . 1 . . . 1 1 . 1 . . . . 1 . 1 . . . . . . . . . . . Terminal Index 1 | . . . . . . 1 . . . . . . . . . . . . . . . . . . . . . . . . . . . . . . . . Scanalyzer Index 1 | . . . . . . . . . . . . . . . . . . . . . . . . . . . . . . . . . . . . 1 . . Alert Level 36 | . 1 . . . 2 . . 2 . . . . 8 1 . . . 7 . 2 . . . . 5 . 4 . . . . 2 2 . . . . . Unreport Threat 39 | . 1 . . . 3 . . 1 . . . . 3 6 . . . 6 . 5 . . . . 5 . 3 . . . . 2 2 . 2 . . . Locate Traps 17 | . . . . . . . . . . . . . 4 . . . . 4 . . . . . . 4 . 1 . . . . 1 2 . . 1 . . Disarm Traps 1 | . . . . . . . . . . . . . . . . . . . . . . . . . . . 1 . . . . . . . . . . . Reprogram Traps 6 | . . . . . . . . . . . . . . . . . . 3 . . . . . . 2 . . . . . . . . . . 1 . . Dispatch Records 1 | . . . . . . . . . . . . . . . . . . 1 . . . . . . . . . . . . . . . . . . . . Patrol Status 4 | . . . . . . . . . . . . . . . . . . 2 . . . . . . 1 . . . . . . . 1 . . . . . Transport Status 1 | . . . . . 1 . . . . . . . . . . . . . . . . . . . . . . . . . . . . . . . . . Investigation Status 1 | . . . . . . . . . . . . . . . . . . . . . . . . . 1 . . . . . . . . . . . . . Recall Investigation 9 | . . . . . . 1 . . . . . . 2 . . . . 1 . . . . . . 4 . 1 . . . . . . . . . . . Recall Extermination 16 | . . . . . . 3 . . . . . . 5 . . . . 2 . . . . . . 4 . 1 . . . . . 1 . . . . . Recall Reinforcements 5 | . . . . . . . . . . . . . 1 1 . . 1 . . . . . . . 2 . . . . . . . . . . . . . Recall Assault 1 | . . . . . . . . . . . . . . . . . . 1 . . . . . . . . . . . . . . . . . . . . Hauler Manifests 9 | . 1 . . . 2 1 . . . . . . 1 . . . . 1 . 1 . . . . 1 . . . . . . . 1 . . . . . Zone Layout 12 | . . . . . . . . . . . . . 3 . . . 1 5 . . . . . . 1 . 1 . . . . . 1 . . . . . Disengage Seal 2 | . . . . . . . . . . . . . . . . . . . . . . . . . . . . . . . . . . . . . . 2 Fabricator Hacks 53 | . . . . . . 8 . 5 . . . . 8 . . . . 9 . 4 . . . . 11 . 7 . . . . . . . 1 . . . Network Status 7 | . . . . . . 1 . 1 . . . . 2 . . . . 1 . . . . . . . . 1 . . . . . . . 1 . . . Load Schematic 22 | . . . . . . 3 . 2 . . . . 3 . . . . 4 . 2 . . . . 5 . 3 . . . . . . . . . . . Build 24 | . . . . . . 4 . 2 . . . . 3 . . . . 4 . 2 . . . . 6 . 3 . . . . . . . . . . . Repair Station Hacks 88 | . 2 . . . 2 . . 2 . . . . 14 . . . . 15 . . . . . . 20 . 13 . . . . 3 4 6 2 . 2 3 Scan Component 45 | . 1 . . . 1 . . 1 . . . . 7 . . . . 8 . . . . . . 10 . 7 . . . . 2 2 3 1 . . 2 Repair 38 | . 1 . . . 1 . . . . . . . 5 . . . . 7 . . . . . . 10 . 6 . . . . 1 2 3 1 . . 1 Refit 5 | . . . . . . . . 1 . . . . 2 . . . . . . . . . . . . . . . . . . . . . . . 2 . Recycling Unit Hacks 23 | . . . . . 2 1 . . . . . . 5 1 . . . 6 . 2 . . . . 3 . 2 . . . . . . . . . . 1 Retrieve Components 23 | . . . . . 2 1 . . . . . . 5 1 . . . 6 . 2 . . . . 3 . 2 . . . . . . . . . . 1 Scanalyzer 51 | . . . . . 8 1 . . . . . . 8 . . . . 20 . . . . . . 8 . . . . . . . 3 . . 2 1 . Insert Component 30 | . . . . . 5 1 . . . . . . 4 . . . . 9 . . . . . . 5 . . . . . . . 3 . . 2 1 . Analyze 21 | . . . . . 3 . . . . . . . 4 . . . . 11 . . . . . . 3 . . . . . . . . . . . . . Garrison Access Hacks 16 | . . . . . 1 1 . 1 . . . . 3 . . . 1 2 . . . . . . 2 . 1 . . . . 1 1 2 . . . . Seal Access 16 | . . . . . 1 1 . 1 . . . . 3 . . . 1 2 . . . . . . 2 . 1 . . . . 1 1 2 . . . . Unauthorized Hacks 105 | . 1 . . . 2 4 . 1 . . . . 16 2 . . . 24 . 8 . . . . 28 . 9 . . . . 2 4 . 1 1 1 1 Terminals 59 | . 1 . . . 2 3 . 1 . . . . 7 2 . . . 10 . 3 . . . . 16 . 4 . . . . 2 4 . 1 1 1 1 Track 4 | . . . . . . . . . . . . . . . . . . 2 . . . . . . 2 . . . . . . . . . . . . . Assimilate 22 | . . . . . . . . . . . . . 2 1 . . . 5 . 1 . . . . 7 . 1 . . . . . 2 . 1 1 . 1 Botnet 23 | . . . . . 1 2 . 1 . . . . 4 1 . . . 1 . 2 . . . . 6 . 2 . . . . 1 1 . . . 1 . Disrupt 2 | . . . . . . . . . . . . . . . . . . 1 . . . . . . . . . . . . . . 1 . . . . . Operators 8 | . 1 . . . 1 1 . . . . . . 1 . . . . 1 . . . . . . 1 . 1 . . . . 1 . . . . . . Fabricators 16 | . . . . . . . . . . . . . 2 . . . . 2 . . . . . . 9 . 3 . . . . . . . . . . . Prioritize 10 | . . . . . . . . . . . . . 1 . . . . 2 . . . . . . 5 . 2 . . . . . . . . . . . Liberate 1 | . . . . . . . . . . . . . 1 . . . . . . . . . . . . . . . . . . . . . . . . . Fabnet 5 | . . . . . . . . . . . . . . . . . . . . . . . . . 4 . 1 . . . . . . . . . . . Repair Stations . | . . . . . . . . . . . . . . . . . . . . . . . . . . . . . . . . . . . . . . . Recycling Units 30 | . . . . . . 1 . . . . . . 7 . . . . 12 . 5 . . . . 3 . 2 . . . . . . . . . . . Reject 11 | . . . . . . . . . . . . . 2 . . . . 5 . 2 . . . . 1 . 1 . . . . . . . . . . . Recyclers 4 | . . . . . . . . . . . . . . . . . . 2 . 1 . . . . 1 . . . . . . . . . . . . . Mask 15 | . . . . . . 1 . . . . . . 5 . . . . 5 . 2 . . . . 1 . 1 . . . . . . . . . . . Scanalyzers . | . . . . . . . . . . . . . . . . . . . . . . . . . . . . . . . . . . . . . . . Garrison Access . | . . . . . . . . . . . . . . . . . . . . . . . . . . . . . . . . . . . . . . . Data Cores Recovered 2 | . 1 . . . . . . 1 . . . . . . . . . . . . . . . . . . . . . . . . . . . . . . Used 1 | . . . . . . . . 1 . . . . . . . . . . . . . . . . . . . . . . . . . . . . . . Hacking Detections 166 | . 8 . . . 14 10 . 7 . . . . 28 7 . . 4 24 . 5 . . . . 20 . 10 . . . . 2 9 2 2 2 5 7 Full Trace Events 30 | . 1 . . . . 4 . 2 . . . . 5 . . . 1 3 . 2 . . . . 6 . 3 . . . . . . . . . 1 2 Feedback Events 2 | . . . . . . . . . . . . . . . . . 1 . . . . . . . 1 . . . . . . . . . . . . . Corruption 1 | . . . . . . . . . . . . . . . . . 1 . . . . . . . . . . . . . . . . . . . . . Hackware Fried 1 | . . . . . . . . . . . . . . . . . . . . . . . . . 1 . . . . . . . . . . . . . Feedback Blocked . | . . . . . . . . . . . . . . . . . . . . . . . . . . . . . . . . . . . . . . . Robot Schematics Acquired 4 | . . . . . . . . . . . 4 . . . . . . . . . . . . . . . . . . . . . . . . . . . Robots Built . | . . . . . . . . . . . . . . . . . . . . . . . . . . . . . . . . . . . . . . . Authchips . | . . . . . . . . . . . . . . . . . . . . . . . . . . . . . . . . . . . . . . . Time . | . . . . . . . . . . . . . . . . . . . . . . . . . . . . . . . . . . . . . . . Total Robot Build Rating . | . . . . . . . . . . . . . . . . . . . . . . . . . . . . . . . . . . . . . . . Part Schematics Acquired 71 | . . . . . 3 1 . 3 . . 15 . 12 1 . . . 14 . 2 . . 4 . 7 . . . . . . . 5 . . 4 . . Parts Built 28 | . . . . . . 4 . 2 . . . . 3 . . . . 4 . 3 . . . . 9 . 3 . . . . . . . . . . . Authchips . | . . . . . . . . . . . . . . . . . . . . . . . . . . . . . . . . . . . . . . . Time 1670 | . . . . . . 289 . 159 . . . . 295 . . . . 285 . 89 . . . . 393 . 160 . . . . . . . . . . . Total Part Build Rating 196 | . . . . . . 23 . 12 . . . . 16 . . . . 30 . 17 . . . . 75 . 23 . . . . . . . . . . . Parts Repaired 36 | . 1 . . . 1 . . . . . . . 5 . . . . 7 . . . . . . 9 . 6 . . . . 1 2 3 1 . . . Time 1879 | . 13 . . . 136 . . . . . . . 309 . . . . 295 . . . . . . 374 . 506 . . . . 24 48 96 44 . . 34 Parts Recycled . | . . . . . . . . . . . . . . . . . . . . . . . . . . . . . . . . . . . . . . . Recycled Matter . | . . . . . . . . . . . . . . . . . . . . . . . . . . . . . . . . . . . . . . . Retrieved Matter . | . . . . . . . . . . . . . . . . . . . . . . . . . . . . . . . . . . . . . . . Retrieved Components 96 | . . . . . 19 . . . . . . . 23 10 . . . 7 . 12 . . . . 4 . 11 . . . . . . . . . . 10 Parts Scanalyzed 15 | . . . . . 3 . . . . . . . 3 . . . . 6 . . . . . . 3 . . . . . . . . . . . . . Part Schematics Acquired 15 | . . . . . 3 . . . . . . . 3 . . . . 6 . . . . . . 3 . . . . . . . . . . . . . Parts Damaged 3 | . . . . . 1 . . . . . . . 1 . . . . . . . . . . . 1 . . . . . . . . . . . . . Bothacking | -11 -10 -10 -10 -9 -8 -7 -7 -7 -7 -7 -7 -6 -6 -6 -6 -6 -6 -5 -5 -5 -5 -5 -5 -4 -4 -4 -4 -4 -4 -4 -3 -3 -3 -2 -2 -2 -1 -1 ------------ Run | Scr Mat Min Exi Min Mat Fac Was Fac Low Low Zio Pro Fac Ext Cet Arc Hub Fac Was Fac Upp Upp Zhi Pro Fac Was Fac Upp Upp War Pro Res Qua Res Tes Sec Acc Com Used RIF Installer . | . . . . . . . . . . . . . . . . . . . . . . . . . . . . . . . . . . . . . . . Robots Hacked 13 | . . . . . . . . . . . . . 1 . . . . . . . . . . . . . . . . . . . 2 4 1 4 . 1 Non-combat 1 | . . . . . . . . . . . . . 1 . . . . . . . . . . . . . . . . . . . . . . . . . Combat 11 | . . . . . . . . . . . . . . . . . . . . . . . . . . . . . . . . . 2 4 1 4 . . Robot Hacks Applied 1 | . . . . . . . . . . . . . 1 . . . . . . . . . . . . . . . . . . . . . . . . . find_chute 1 | . . . . . . . . . . . . . 1 . . . . . . . . . . . . . . . . . . . . . . . . . Manual 1 | . . . . . . . . . . . . . . . . . . . . . . . . . . . . . . . . . . . . . . 1 Relay Couplers Released 5 | . . . . . . . . . . . . . . . . . . . . . . . . . . . . . . . . . . 5 . . . . Machine Destruction 2 | . . . . . . . . . . . . . . . . . . . . . . . . . . . . . . . . . . 2 . . . . Programmers 3 | . . . . . . . . . . . . . . . . . . . . . . . . . . . . . . . . . . 3 . . . . Fabnet Peak Effective % 12 | . . . . . . . . . . . . . . . . . . . . . . . . . . . . . . . 12 12 12 4 4 4 . . Autooverrided 11 | . . . . . . . . . . . . . . . . . . . . . . . . . . . . . . . . . 2 4 1 4 . . Robots Rewired 14 | . . . . . . 1 . . . . . . . 13 . . . . . . . . . . . . . . . . . . . . . . . . Allies Hacked 4 | . . . . . . . . . . . . . . . . . . . . 3 . . . . . . 1 . . . . . . . . . . . Hacks Repelled . | . . . . . . . . . . . . . . . . . . . . . . . . . . . . . . . . . . . . . . . Allies | -11 -10 -10 -10 -9 -8 -7 -7 -7 -7 -7 -7 -6 -6 -6 -6 -6 -6 -5 -5 -5 -5 -5 -5 -4 -4 -4 -4 -4 -4 -4 -3 -3 -3 -2 -2 -2 -1 -1 -------- Run | Scr Mat Min Exi Min Mat Fac Was Fac Low Low Zio Pro Fac Ext Cet Arc Hub Fac Was Fac Upp Upp Zhi Pro Fac Was Fac Upp Upp War Pro Res Qua Res Tes Sec Acc Com Total Allies 139 | . . . . 3 . 7 20 . . . 5 . 12 21 7 . . 7 18 1 . . . . 5 19 . . . . . . 4 4 1 5 . . Largest Group 23 | . . . . 3 3 3 23 23 14 12 8 8 3 10 11 6 4 4 19 13 4 4 . . 2 19 10 . . . . . 2 1 1 3 . . Highest-Rated Group 757 | . . . . 40 40 93 686 686 420 354 227 227 87 437 757 634 384 103 664 514 90 90 . . 52 702 398 . . . . . 94 69 64 183 . . Highest-Rated Ally 159 | . . . . 16 16 31 35 35 35 35 39 39 41 159 159 159 96 31 50 50 27 27 . . 26 50 46 . . . . . 47 69 64 82 . . Total Orders 6 | . . . . . . . . . . . . . . 2 2 . . 2 . . . . . . . . . . . . . . . . . . . . STAY 3 | . . . . . . . . . . . . . . 1 1 . . 1 . . . . . . . . . . . . . . . . . . . . FOLLOW 2 | . . . . . . . . . . . . . . 1 . . . 1 . . . . . . . . . . . . . . . . . . . . AID 1 | . . . . . . . . . . . . . . . 1 . . . . . . . . . . . . . . . . . . . . . . . Ally Attacks 1041 | . . . . 6 13 17 . 64 17 51 . 64 44 112 95 34 29 33 117 115 . . . . . 154 49 . . . . . 2 11 3 11 . . Total Damage 30849 | . . . . 71 92 309 . 1965 335 1066 . 1314 801 2178 2912 1451 1065 558 5554 3192 . . . . . 5778 1184 . . . . . 80 403 163 378 . . Kills 159 | . . . . 2 . 3 . 23 4 8 . 9 4 12 20 5 8 2 12 23 . . . . . 12 7 . . . . . . 3 1 1 . . Allies Corrupted 2 | . . . . . . . . . . . . . 1 . . . . . . 1 . . . . . . . . . . . . . . . . . . Allies Melted 6 | . . . . . . . . . . . . . 1 . . . . . . . . . . . . . . . . . . . . 4 . . . 1 Intel | -11 -10 -10 -10 -9 -8 -7 -7 -7 -7 -7 -7 -6 -6 -6 -6 -6 -6 -5 -5 -5 -5 -5 -5 -4 -4 -4 -4 -4 -4 -4 -3 -3 -3 -2 -2 -2 -1 -1 ------- Run | Scr Mat Min Exi Min Mat Fac Was Fac Low Low Zio Pro Fac Ext Cet Arc Hub Fac Was Fac Upp Upp Zhi Pro Fac Was Fac Upp Upp War Pro Res Qua Res Tes Sec Acc Com Robot Analysis Total 12 | . 1 . . . 1 . . . . . . . 1 2 . . . 1 . . . . 4 . 1 . 1 . . . . . . . . . . . Derelict Logs Recovered 10 | . . . . 1 . . . . 2 . 2 1 . . . . . . . . 1 1 . . . . . 1 1 . . . . . . . . . Drone Launches . | . . . . . . . . . . . . . . . . . . . . . . . . . . . . . . . . . . . . . . . Drone Recoveries . | . . . . . . . . . . . . . . . . . . . . . . . . . . . . . . . . . . . . . . . Exploration | -11 -10 -10 -10 -9 -8 -7 -7 -7 -7 -7 -7 -6 -6 -6 -6 -6 -6 -5 -5 -5 -5 -5 -5 -4 -4 -4 -4 -4 -4 -4 -3 -3 -3 -2 -2 -2 -1 -1 ------------- Run | Scr Mat Min Exi Min Mat Fac Was Fac Low Low Zio Pro Fac Ext Cet Arc Hub Fac Was Fac Upp Upp Zhi Pro Fac Was Fac Upp Upp War Pro Res Qua Res Tes Sec Acc Com Turns Passed 33622 | 84 1335 257 312 519 2598 1824 181 629 613 657 684 1222 4030 1697 274 96 399 3132 181 655 183 461 119 347 2548 189 2004 197 353 450 334 232 1178 782 470 662 200 1534 Spaces Moved 40030 | 46 714 159 196 295 1115 2188 211 693 959 950 1002 918 4572 1597 189 65 327 4986 238 799 319 613 159 442 3097 268 1891 341 449 836 455 468 2122 1457 674 1431 441 2348 Core 5 | 5 . . . . . . . . . . . . . . . . . . . . . . . . . . . . . . . . . . . . . . Treads 2520 | 41 714 159 196 295 1115 . . . . . . . . . . . . . . . . . . . . . . . . . . . . . . . . . Legs 436 | . . . . . . . . . . . . . 18 390 28 . . . . . . . . . . . . . . . . . . . . . . . Wheels . | . . . . . . . . . . . . . . . . . . . . . . . . . . . . . . . . . . . . . . . Hover 37036 | . . . . . . 2188 211 693 959 950 1002 918 4554 1207 161 65 327 4986 238 799 319 613 159 442 3097 268 1891 341 449 836 455 468 2122 1457 674 1431 435 2321 Flight . | . . . . . . . . . . . . . . . . . . . . . . . . . . . . . . . . . . . . . . . Fastest Speed 17 | 50 160 160 160 160 160 45 48 48 58 58 58 58 34 34 92 92 35 36 35 38 46 48 54 46 44 52 48 48 48 44 42 17 31 24 17 17 17 24 Average Speed 54 | 148 160 160 160 160 177 46 48 58 58 58 58 112 51 59 96 92 81 37 37 43 46 54 54 50 48 52 51 48 48 47 54 30 31 24 23 23 26 36 Slowest Speed 320 | 160 240 160 160 160 250 116 48 116 136 58 58 320 240 190 120 92 92 98 38 104 46 117 54 117 143 52 52 48 48 48 132 31 35 24 24 24 40 148 Overloaded Moves 134 | . . . . . . . . . . . . . 15 43 . . 14 . . . . . . . . . . . . . . 8 . . 14 20 20 . Propulsion Burnouts . | . . . . . . . . . . . . . . . . . . . . . . . . . . . . . . . . . . . . . . . Robots Hopped . | . . . . . . . . . . . . . . . . . . . . . . . . . . . . . . . . . . . . . . . Cave-ins Triggered . | . . . . . . . . . . . . . . . . . . . . . . . . . . . . . . . . . . . . . . . Teleports 2 | . . . . . . . . . . . . . . . . . . . . . . . . . . . . . . . . . 1 . . 1 . . Spacefolds 12 | . . . . . . . . . . . . . . . . . . . . . . . . . . . . . . . . . . . . . 2 10 Exploration Rate (%) 61 | 3 99 37 54 69 87 28 89 16 78 89 87 84 75 90 66 72 39 78 90 16 56 84 60 60 66 89 23 57 65 93 54 18 92 17 62 54 20 64 Regions Visited 38 Branch Regions 23 Pre-discovered Areas 4 | . . . 1 . . . . . . . . . . . . . . . . . . . 3 . . . . . . . . . . . . . . . Known Exits Taken 25 | . . . . . 1 . . 1 1 1 1 1 1 1 1 1 1 . . 1 1 . . 1 . . 1 1 1 1 1 1 1 1 1 1 1 . Unknown Exits Taken 7 | 1 1 1 1 1 . . . . . . . . . . . . . . . . . 1 1 . . . . . . . . . . . . . . . Scrap Searched 35 | . . 1 . 3 . . . . 6 4 4 2 . . . . . . . . 3 4 . 1 . . . 2 3 . 2 . . . . . . . Spaces Dug 419 | . . . . . . 32 . 2 . 3 . 22 78 3 . . 10 61 1 16 . 4 . . 64 . 37 1 15 . . 18 21 2 7 13 6 3 Terrain Destroyed 1304 | . . . . 26 58 54 . 2 . 3 . 60 78 62 . . 200 104 1 52 . 79 . 15 140 . 75 35 22 . 23 18 37 4 10 56 17 73 Melee 256 | . . . . . . 32 . 2 . 3 . 9 78 3 . . 10 61 1 16 . 4 . . 19 . 2 1 1 . . 9 5 . . . . . Projectile 246 | . . . . . 10 . . . . . . . . . . . . . . . . . . 3 66 . 49 . . . 1 . 32 4 7 29 6 39 AOE 799 | . . . . 26 48 22 . . . . . 51 . 59 . . 190 43 . 36 . 75 . 12 55 . 24 34 21 . 22 9 . . . 27 11 34 Terrain Rammed . | . . . . . . . . . . . . . . . . . . . . . . . . . . . . . . . . . . . . . . . Walls Destroyed . | . . . . . . . . . . . . . . . . . . . . . . . . . . . . . . . . . . . . . . . Machines Disabled . | . . . . . . . . . . . . . . . . . . . . . . . . . . . . . . . . . . . . . . . Actions | -11 -10 -10 -10 -9 -8 -7 -7 -7 -7 -7 -7 -6 -6 -6 -6 -6 -6 -5 -5 -5 -5 -5 -5 -4 -4 -4 -4 -4 -4 -4 -3 -3 -3 -2 -2 -2 -1 -1 --------- Run | Scr Mat Min Exi Min Mat Fac Was Fac Low Low Zio Pro Fac Ext Cet Arc Hub Fac Was Fac Upp Upp Zhi Pro Fac Was Fac Upp Upp War Pro Res Qua Res Tes Sec Acc Com Total 49981 | 59 854 162 195 327 1541 2854 290 907 1012 1049 1102 1078 5959 2181 284 99 426 5949 326 1037 354 697 185 533 3983 317 2827 360 570 893 532 541 2556 1885 957 1682 507 2911 Wait 7305 | . 47 1 . 12 203 458 64 201 49 97 100 129 1113 401 75 32 78 714 78 179 36 17 . 42 630 47 808 4 103 3 68 54 280 401 212 134 46 389 Move 39974 | 45 713 158 195 294 1114 2188 210 692 958 949 1001 917 4571 1596 188 64 327 4986 237 798 318 612 158 441 3097 267 1890 340 448 835 454 467 2121 1456 673 1430 436 2330 Hop . | . . . . . . . . . . . . . . . . . . . . . . . . . . . . . . . . . . . . . . . Pick Up 253 | 7 24 1 . 2 22 21 . 2 . . . 1 27 6 2 1 . 17 1 6 . 11 4 2 18 2 6 1 1 9 . 1 17 5 6 11 3 16 Fast Attach 287 | 5 9 . . . 23 21 8 1 2 . . 2 22 15 2 . 1 25 4 4 . 5 7 5 37 . 10 . . 12 . 1 11 6 14 8 1 26 Attach 132 | 1 1 . . . 11 17 . 1 . . . 3 8 9 5 . 1 6 . 2 . 8 1 6 5 . 3 . . 6 . 2 5 2 2 12 6 9 Detach 42 | . . . . . 1 5 . . . . . 2 2 5 4 . . 4 . 2 . . . 4 2 . . . . 3 . 1 . . . 1 2 4 Swap 251 | . 5 . . 4 8 26 . 3 . . . 4 23 20 2 . 2 20 . 5 . 6 . 2 24 . 10 5 6 2 6 3 25 3 5 11 3 18 Drop 411 | . 21 1 . 2 31 43 8 3 2 . . 3 39 17 6 1 . 33 5 6 . 11 11 6 39 1 6 1 1 22 . . 24 8 19 11 1 29 Fire 699 | . 31 . . 10 122 2 . . . . . 5 . 42 . . 2 6 . 4 . 10 . 17 99 . 79 8 9 . 4 1 55 4 26 64 9 90 Melee 571 | . . . . . . 73 . 4 1 3 1 12 141 56 . 1 15 138 1 31 . 15 4 8 32 . 2 1 2 1 . 11 18 . . . . . Ram . | . . . . . . . . . . . . . . . . . . . . . . . . . . . . . . . . . . . . . . . Kick . | . . . . . . . . . . . . . . . . . . . . . . . . . . . . . . . . . . . . . . . Crush 14 | 1 3 1 . 3 6 . . . . . . . . . . . . . . . . . . . . . . . . . . . . . . . . . Escape Stasis 40 | . . . . . . . . . . . . . 13 14 . . . . . . . . . . . . 13 . . . . . . . . . . . Rewire 2 | . . . . . . . . . . . . . . . . . . . . . . 2 . . . . . . . . . . . . . . . . Trap . | . . . . . . . . . . . . . . . . . . . . . . . . . . . . . . . . . . . . . . . Miscellaneous . | . . . . . . . . . . . . . . . . . . . . . . . . . . . . . . . . . . . . . . . Route ------- -11/Scrapyard -10/Materials (discovered 4 exits: [*Mat x3] / [*Min]) -10/Mines -10/Exiles -9/Mines -8/Materials (discovered 3 exits: *Fac x3) -7/Factory (discovered 2 exits: *Fac / *Sto) -7/Waste -7/Factory (discovered 3 exits: Sto / *Low x2) -7/Lower Caves -7/Lower Caves (discovered 2 exits: *Fac / *Zio) -7/Zion -6/Proximity Caves -6/Factory (discovered 7 exits: *Fac x4 / *Low x2 / *Ext) -6/Extension (discovered 2 exits: *Fac / *Cet) -6/Cetus (discovered 2 exits: *Fac / *Arc) -6/Archives -6/Hub_04(d) (discovered 4 exits: *Fac x4) -5/Factory (discovered 5 exits: *Fac x3 / *Upp x2) -5/Waste -5/Factory (discovered 2 exits: *Upp x2) -5/Upper Caves -5/Upper Caves (discovered 2 exits: *Fac / *Zhi) -5/Zhirov -4/Proximity Caves -4/Factory (discovered 2 exits: *Res x2) -4/Waste -4/Factory (discovered 2 exits: *Upp x2) -4/Upper Caves -4/Upper Caves (discovered 2 exits: *Res / *War) -4/Warlord -3/Proximity Caves -3/Research (discovered 4 exits: *Res / Arm / *Qua x2) -3/Quarantine -2/Research -2/Testing (discovered 2 exits: *Acc / *Sec) -2/Section 7 -1/Access (discovered 2 exits: Sur / *Com) -1/Command To Epsilon Eridani History --------- Turn | Location | Event 32 | -11/Scrapyard | Discovered new exit (range 16) 85 | -11/Scrapyard | Entered Materials 314 | -10/Materials | Build established: Mutant 371 | -10/Materials | Discovered new exit (range 5) 506 | -10/Materials | Discovered new exit (range 5) 666 | -10/Materials | Discovered new exit (range 13) 708 | -10/Materials | Central database locked down 1034 | -10/Materials | Discovered new exit (range 6) 1210 | -10/Materials | Repaired Lgt. Treads 1420 | -10/Materials | Entered Mines 1440 | -10/Mines | Met a Derelict bent on vengeance 1591 | -10/Mines | Found a damaged Exp. Sensor Array with a note attached 1598 | -10/Mines | Found Prototype Device 1671 | -10/Mines | Deemed a non-threat by the Exiles lab entrance 1671 | -10/Mines | Discovered new exit (range 5) 1677 | -10/Mines | Entered Exiles 1721 | -10/Exiles | Met 8R-AWN 1741 | -10/Exiles | Met EX-HEX 1796 | -10/Exiles | Met EX-BIN 1825 | -10/Exiles | Met EX-DEC 1831 | -10/Exiles | Learned location of Zion (-7) 1972 | -10/Exiles | Discovered new exit (range 12) 1989 | -10/Exiles | Entered Mines 2207 | -9/Mines | Assisted by bots powering up and referring to "LRC-V3" 2398 | -9/Mines | Received a Rocket Launcher from a helpful Derelict 2409 | -9/Mines | Learned Materials security intel 2489 | -9/Mines | Discovered new exit (range 9) 2508 | -9/Mines | Entered Materials 2508 | -8/Materials | Accompanied by 3 allies 2508 | -8/Materials | Evolved 4 slots: Propulsion x1, Utility x3 2830 | -8/Materials | Lost 5 parts (3n1u1w) 3139 | -8/Materials | Build established: Scavenger-Mutant 3177 | -8/Materials | Discovered new exit (range 15) 3208 | -8/Materials | Core integrity fell below 50% 3255 | -8/Materials | Lost 7 parts (2p3n2u) 3540 | -8/Materials | Identified Exp. Sensor Array 3775 | -8/Materials | Discovered new exit (range 8) 4613 | -8/Materials | Discovered new exit (range 10) 4869 | -8/Materials | Build established: Mutant 4898 | -8/Materials | Repaired Broken Exp. Sensor Array 5101 | -8/Materials | Identified exit to Factory 5106 | -8/Materials | Entered Factory 5106 | -7/Factory | Evolved 2 slots: Utility x2 5164 | -7/Factory | Allied Derelicts emerged from ambush trap array 5300 | -7/Factory | Discovered new exit (range 17) 5373 | -7/Factory | Fabricated Imp. Hacking Suite? 5427 | -7/Factory | Build established: Hacker-Scout 5613 | -7/Factory | Discovered new exit (range 15) 5740 | -7/Factory | Build established: Hacker-Mutant 5977 | -7/Factory | Cargo convoy interrupted 6032 | -7/Factory | Found Prototype Slashing Weapon 6032 | -7/Factory | Identified Centrium Greatsword 6065 | -7/Factory | Found Corrupted Centrium Greatsword 6079 | -7/Factory | Found Centrium Greatsword 6417 | -7/Factory | Fabricated Adv. Hacking Suite (x1) 6504 | -7/Factory | Fabricated Adv. Hacking Suite? 6634 | -7/Factory | Found Prototype Launcher 6644 | -7/Factory | Identified Rocket Array 6679 | -7/Factory | Found Faulty Rocket Array 6729 | -7/Factory | Fabricated Adv. Hacking Suite (x1) 6801 | -7/Factory | Allied Derelicts emerged from ambush trap array 6930 | -7/Factory | Manually triggered Chute Trap 6930 | -7/Factory | Sucked down chute 6930 | -7/Factory | Entered Waste 6931 | -7/Waste | Joined by Warlord forces that had cleared the area 7015 | -7/Waste | 3 allies followed down the chute 7041 | -7/Waste | Discovered new exit (range 11) 7046 | -7/Waste | Identified exit to Factory 7111 | -7/Waste | Entered Factory 7111 | -7/Factory | Accompanied by 23 allies 7221 | -7/Factory | Identified exit to Storage 7221 | -7/Factory | Identified exit to Lower Caves 7469 | -7/Factory | Fabricated Adv. Hacking Suite? 7550 | -7/Factory | Fabricated Adv. Hacking Suite (x1) 7740 | -7/Factory | Entered Lower Caves 7740 | -7/Lower Caves | Accompanied by 14 allies 8037 | -7/Lower Caves | Encountered a Warlord checkpoint 8128 | -7/Lower Caves | Discovered new exit (range 16) 8154 | -7/Lower Caves | Learned location of 1 exit from Factory 8248 | -7/Lower Caves | Learned 4 Factory zone layouts 8328 | -7/Lower Caves | Identified exit to Lower Caves 8353 | -7/Lower Caves | Entered another Lower Caves area 8353 | -7/Lower Caves | Accompanied by 12 allies 8353 | -7/Lower Caves | Discovered new exit (range 8) 8371 | -7/Lower Caves | Encountered a Warlord checkpoint 8835 | -7/Lower Caves | Attracted the attention of an 0b10 checkpoint 8881 | -7/Lower Caves | Discovered new exit (range 14) 8897 | -7/Lower Caves | Identified exit to Zion 9010 | -7/Lower Caves | Entered Zion 9010 | -7/Zion | Accompanied by 3 allies 9050 | -7/Zion | Discovered new exit (range 15) 9069 | -7/Zion | System corruption cleaned by Quarantine Array 9085 | -7/Zion | Gained Derelict followers 9204 | -7/Zion | Learned location of 1 exit from Proximity Caves 9217 | -7/Zion | Learned Factory emergency access door positions 9249 | -7/Zion | Given A8's code to call for help 9332 | -7/Zion | Acquired unknown access codes intercepted by a Zionite 9623 | -7/Zion | Identified exit to Proximity Caves 9694 | -7/Zion | Entered Proximity Caves 9694 | -6/Proximity Caves | Accompanied by 8 allies 9695 | -6/Proximity Caves | Identified exit to Factory 10799 | -6/Proximity Caves | Learned location of 1 exit from Factory 10916 | -6/Proximity Caves | Entered Factory 10916 | -6/Factory | Evolved 2 slots: Propulsion x1, Utility x1 10917 | -6/Factory | Identified exit to Factory 10918 | -6/Factory | Identified exit to Extension 11030 | -6/Factory | Discovered exit to Factory (range 15) 11103 | -6/Factory | Repaired Centrium Greatsword 11240 | -6/Factory | Repaired Hvy. Rocket Launcher 11277 | -6/Factory | Build established: Wizard-Mutant 11325 | -6/Factory | Discovered new exit (range 13) 11626 | -6/Factory | Fabricated Mni. Smartbomb Launcher? 12227 | -6/Factory | Discovered new exit (range 12) 12233 | -6/Factory | Identified exit to Lower Caves 12874 | -6/Factory | Found Prototype Processor 12997 | -6/Factory | Identified Exp. Targeting Computer 13617 | -6/Factory | Discovered exit to Factory (range 14) 13690 | -6/Factory | Repaired Exp. Sensor Array 13720 | -6/Factory | Repaired Centrium Greatsword 13858 | -6/Factory | Repaired Graphene Brace 14008 | -6/Factory | Fabricated Exp. Utility Shielding? 14681 | -6/Factory | Fabricated Exp. Utility Shielding? 14946 | -6/Factory | Entered Extension 15624 | -6/Extension | Rescued a captive Derelict 15858 | -6/Extension | Spotted B-75 Beast 15869 | -6/Extension | Core integrity fell below 50% 15871 | -6/Extension | Disrupted transfer network 15872 | -6/Extension | Spotted B-75 Beast 15877 | -6/Extension | Destroyed B-75 Beast 15909 | -6/Extension | Allies destroyed B-75 Beast 16233 | -6/Extension | Rescued A7 16263 | -6/Extension | Rescued a captive Derelict 16264 | -6/Extension | Rescued a captive Derelict 16358 | -6/Extension | Rescued a captive Derelict 16474 | -6/Extension | Rescued a captive Derelict 16475 | -6/Extension | Rescued a captive Derelict 16512 | -6/Extension | Rescued a captive Derelict 16568 | -6/Extension | Discovered exit to Factory (range 10) 16569 | -6/Extension | Discovered new exit (range 6) 16636 | -6/Extension | Identified exit to Cetus 16643 | -6/Extension | Entered Cetus 16643 | -6/Cetus | Accompanied by 10 allies (A7) 16648 | -6/Cetus | Acquired a Cetus Manufacturing Module code from A7 16674 | -6/Cetus | Spotted Cetus Guard 16675 | -6/Cetus | Spotted Cetus Guard 16678 | -6/Cetus | Spotted Cetus Guard 16678 | -6/Cetus | Spotted Cetus Guard 16679 | -6/Cetus | Allies destroyed Cetus Guard 16679 | -6/Cetus | Allies destroyed Cetus Guard 16680 | -6/Cetus | Allies destroyed Cetus Guard 16680 | -6/Cetus | Allies destroyed Cetus Guard 16746 | -6/Cetus | Enhanced Grunt warped into view, answering call for help 16748 | -6/Cetus | Enhanced Grunt warped into view, answering call for help 16751 | -6/Cetus | Started Cetus Manufacturing Module 16772 | -6/Cetus | Escorted A7 to Cetus Mainframe 16776 | -6/Cetus | Manufactured an Enhanced Grunt 16785 | -6/Cetus | Discovered new exit (range 15) 16801 | -6/Cetus | Manufactured an Enhanced Grunt 16826 | -6/Cetus | Manufactured an Enhanced Grunt 16826 | -6/Cetus | Spotted Cetus Guard 16830 | -6/Cetus | Spotted Cetus Guard 16841 | -6/Cetus | Allies destroyed Cetus Guard 16841 | -6/Cetus | Spotted Cetus Guard 16843 | -6/Cetus | Spotted Cetus Guard 16845 | -6/Cetus | Allies destroyed Cetus Guard 16851 | -6/Cetus | Manufactured an Enhanced Grunt 16852 | -6/Cetus | Allies destroyed Cetus Guard 16854 | -6/Cetus | Allies destroyed Cetus Guard 16859 | -6/Cetus | Discovered exit to Factory (range 15) 16864 | -6/Cetus | Met Revision 17 16876 | -6/Cetus | Manufactured an Enhanced Grunt 16877 | -6/Cetus | Cetus Manufacturing Module disabled 16902 | -6/Cetus | Identified exit to Archives 16917 | -6/Cetus | Entered Archives 16917 | -6/Archives | Accompanied by 6 allies (A7) 16922 | -6/Archives | Received a hacking code to weaken MAIN.C 16940 | -6/Archives | Core integrity fell below 20% 16987 | -6/Archives | Discovered new exit (range 12) 17003 | -6/Archives | Identified exit to Hub_04(d) 17013 | -6/Archives | Entered Hub_04(d) 17013 | -6/Hub_04(d) | Accompanied by 4 allies 17401 | -6/Hub_04(d) | Network Hub disabled 17410 | -6/Hub_04(d) | Spotted Lightning 17410 | -6/Hub_04(d) | Spotted Lightning 17411 | -6/Hub_04(d) | Spotted Lightning 17412 | -6/Hub_04(d) | Entered Factory 17412 | -5/Factory | Evolved 2 slots: Power x1, Propulsion x1 17469 | -5/Factory | Central database locked down 17553 | -5/Factory | Repaired Cld. Aerolev Unit? 17585 | -5/Factory | Repaired Centrium Greatsword 17606 | -5/Factory | Repaired Centrium Greatsword 17658 | -5/Factory | Repaired Mni. Smartbomb Launcher 17661 | -5/Factory | Repaired Centrium Medium Armor Plating? 17712 | -5/Factory | First assault squad dispatched 17831 | -5/Factory | Fabricated Exp. Force Field (x1) 17879 | -5/Factory | Fabricated Exp. Terrain Scan Processor? 17918 | -5/Factory | Discovered new exit (range 9) 17921 | -5/Factory | Identified exit to Upper Caves 17982 | -5/Factory | Discovered new exit (range 4) 17983 | -5/Factory | Identified exit to Factory 18392 | -5/Factory | Garrison activated, responded to threat 19172 | -5/Factory | Fabricated Adv. Hacking Suite? 19319 | -5/Factory | Garrison activated, responded to threat 19590 | -5/Factory | Discovered exit to Factory (range 15) 19814 | -5/Factory | Fabricated Centrium Heavy Armor Plating? 19887 | -5/Factory | Repaired Centrium Greatsword 19914 | -5/Factory | Repaired Cld. Aerolev Unit 20142 | -5/Factory | Discovered exit to Factory (range 15) 20544 | -5/Factory | Manually triggered Chute Trap 20544 | -5/Factory | Sucked down chute 20544 | -5/Factory | Entered Waste 20555 | -5/Waste | 1 allies followed down the chute 20558 | -5/Waste | Spotted C-40 Crusher 20559 | -5/Waste | EMP discharged 20559 | -5/Waste | System corruption reached 10% 20562 | -5/Waste | Spotted C-40 Crusher 20566 | -5/Waste | Spotted C-40 Crusher 20582 | -5/Waste | Met Warlord forces unprepared to attack 20593 | -5/Waste | Allies destroyed C-40 Crusher 20598 | -5/Waste | Allies destroyed C-40 Crusher 20598 | -5/Waste | Spotted C-40 Crusher 20609 | -5/Waste | Allies destroyed C-40 Crusher 20628 | -5/Waste | Spotted C-40 Crusher 20638 | -5/Waste | Spotted C-40 Crusher 20646 | -5/Waste | Allies destroyed C-40 Crusher 20659 | -5/Waste | EMP discharged 20665 | -5/Waste | Found Prototype Device 20665 | -5/Waste | Identified Exp. Thermal Shield 20667 | -5/Waste | Discovered new exit (range 16) 20689 | -5/Waste | Identified exit to Factory 20725 | -5/Waste | Entered Factory 20725 | -5/Factory | Accompanied by 13 allies 20751 | -5/Factory | Garrison activated, responded to threat 20803 | -5/Factory | Discovered exit to Upper Caves (range 5) 20834 | -5/Factory | Central database locked down 20936 | -5/Factory | Fabricated Cmb. Antigrav System (x2) 20981 | -5/Factory | Discovered exit to Upper Caves (range 15) 21164 | -5/Factory | Fabricated Hcp. Storage Unit (x1) 21380 | -5/Factory | Entered Upper Caves 21380 | -5/Upper Caves | Accompanied by 4 allies 21382 | -5/Upper Caves | Identified exit to Upper Caves 21563 | -5/Upper Caves | Entered another Upper Caves area 21563 | -5/Upper Caves | Accompanied by 4 allies 21565 | -5/Upper Caves | Attracted the attention of an 0b10 checkpoint 21696 | -5/Upper Caves | Discovered exit to Factory (range 7) 21703 | -5/Upper Caves | Encountered a Warlord checkpoint 21798 | -5/Upper Caves | Destroyed 8 combat bots 21930 | -5/Upper Caves | Learned Factory emergency access door positions 22005 | -5/Upper Caves | Discovered new exit (range 15) 22024 | -5/Upper Caves | Entered Zhirov 22024 | -5/Zhirov | Discovered new exit (range 3) 22035 | -5/Zhirov | Met Zhirov 22046 | -5/Zhirov | Learned location of Quarantine (-3) 22046 | -5/Zhirov | Learned location of Testing (-2) 22046 | -5/Zhirov | Learned location of Command (-1) 22049 | -5/Zhirov | Zhirov requested help retrieving the SGEMP Prototype 22059 | -5/Zhirov | Found Alien Artifact 22059 | -5/Zhirov | Identified Integrated Reactor 22059 | -5/Zhirov | Installed Integrated Reactor, increased core energy generation (+10) 22120 | -5/Zhirov | Found Alien Artifact 22143 | -5/Zhirov | Entered Proximity Caves 22308 | -4/Proximity Caves | Attracted the attention of an 0b10 checkpoint 22487 | -4/Proximity Caves | Discovered exit to Factory (range 9) 22490 | -4/Proximity Caves | Entered Factory 22490 | -4/Factory | Evolved 2 slots: Utility x2 22547 | -4/Factory | Repaired Cmb. Antigrav System 22589 | -4/Factory | Repaired Cld. Aerolev Unit 22644 | -4/Factory | Repaired Centrium Medium Armor Plating 22688 | -4/Factory | Repaired Cld. Aerolev Unit 23009 | -4/Factory | Fabricated Exp. Signal Interpreter (x1) 23081 | -4/Factory | Found Exp. Hacking Suite 23340 | -4/Factory | Identified Transdimensional Reconstructor 23445 | -4/Factory | Repaired Cmb. Antigrav System 23469 | -4/Factory | Repaired Cmb. Antigrav System 23501 | -4/Factory | Adv. Hacking Suite fried by hacking feedback 23556 | -4/Factory | Repaired Exp. Utility Shielding 23683 | -4/Factory | Fabricated Cmb. Linear Gravjet (x2) 23856 | -4/Factory | Repaired Cmb. Antigrav System 24121 | -4/Factory | Repaired Com. HERF Cannon 24268 | -4/Factory | Fabricated Mic. Antimatter Reactor (x2) 24331 | -4/Factory | Fabricated Lrn. Terrain Scanner (x1) 24405 | -4/Factory | Fabricated Cmb. Linear Gravjet? 24496 | -4/Factory | Discovered new exit (range 6) 24500 | -4/Factory | Identified exit to Research 24509 | -4/Factory | Discovered exit to Research (range 4) 24585 | -4/Factory | Fabricated Adv. Cloaking Device (x1) 24672 | -4/Factory | Spotted B-86 Titan 24990 | -4/Factory | Search patrols dispatched 25038 | -4/Factory | Manually triggered Chute Trap 25038 | -4/Factory | Sucked down chute 25038 | -4/Factory | Entered Waste 25048 | -4/Waste | Warlord forces began an assault 25057 | -4/Waste | Spotted C-40 Crusher 25061 | -4/Waste | Spotted C-40 Crusher 25072 | -4/Waste | Allies destroyed C-40 Crusher 25078 | -4/Waste | Spotted C-40 Crusher 25099 | -4/Waste | Spotted C-40 Crusher 25128 | -4/Waste | Allies destroyed C-40 Crusher 25128 | -4/Waste | Spotted C-40 Crusher 25135 | -4/Waste | Spotted C-40 Crusher 25135 | -4/Waste | Allies destroyed C-40 Crusher 25138 | -4/Waste | Allies destroyed C-40 Crusher 25171 | -4/Waste | Discovered new exit (range 11) 25206 | -4/Waste | Identified exit to Factory 25220 | -4/Waste | Build established: Hacker-Mutant 25227 | -4/Waste | Entered Factory 25227 | -4/Factory | Accompanied by 10 allies 25232 | -4/Factory | Identified exit to Upper Caves 25399 | -4/Factory | Fabricated Exp. Weapon Shielding? 25574 | -4/Factory | Repaired Cmb. Linear Gravjet 25655 | -4/Factory | Repaired Cld. Plasma Cannon 25730 | -4/Factory | Repaired Cmb. Linear Gravjet 25839 | -4/Factory | Repaired Cld. Antigrav System? 25913 | -4/Factory | Repaired Adv. Transmission Jammer 26022 | -4/Factory | Repaired Centrium Medium Armor Plating 26480 | -4/Factory | Fabricated Cmb. Linear Gravjet? 27231 | -4/Factory | Entered Upper Caves 27276 | -4/Upper Caves | Attracted the attention of an 0b10 checkpoint 27357 | -4/Upper Caves | Learned Research stockpile data 27402 | -4/Upper Caves | Discovered new exit (range 15) 27413 | -4/Upper Caves | Identified exit to Upper Caves 27428 | -4/Upper Caves | Entered another Upper Caves area 27433 | -4/Upper Caves | Discovered exit to Research (range 11) 27437 | -4/Upper Caves | Learned Research garrison access intel 27776 | -4/Upper Caves | Discovered new exit (range 11) 27781 | -4/Upper Caves | Identified exit to Warlord 27781 | -4/Upper Caves | Entered Warlord 27797 | -4/Warlord | System corruption cleaned by Quarantine Array 28073 | -4/Warlord | Warlord's base attacked by MAIN.C 28081 | -4/Warlord | Found Prototype Energy Cannon 28081 | -4/Warlord | Identified Vortex Driver 28083 | -4/Warlord | Found Vortex Driver 28085 | -4/Warlord | Found Prototype Piercing Weapon 28085 | -4/Warlord | Identified Vortex Lance 28099 | -4/Warlord | Found Vortex Lance 28130 | -4/Warlord | Met Warlord 28156 | -4/Warlord | Found Prototype Hackware 28158 | -4/Warlord | Identified Ghost Barrier 28177 | -4/Warlord | Found Prototype Reactor 28219 | -4/Warlord | Opened side exit 28228 | -4/Warlord | Discovered new exit (range 9) 28230 | -4/Warlord | Identified exit to Proximity Caves 28231 | -4/Warlord | Entered Proximity Caves 28552 | -3/Proximity Caves | Discovered exit to Research (range 10) 28565 | -3/Proximity Caves | Entered Research 28565 | -3/Research | Evolved 2 slots: Propulsion x2 28567 | -3/Research | Loaded intel: 4 garrison access locations 28625 | -3/Research | Identified exit to Armory 28625 | -3/Research | Identified exit to Quarantine 28731 | -3/Research | Discovered new exit (range 13) 28756 | -3/Research | Repaired Cmb. Linear Gravjet 28789 | -3/Research | Spotted B-90 Cyclops 28797 | -3/Research | Entered Quarantine 28803 | -3/Quarantine | Found Alien Artifact 28837 | -3/Quarantine | Found Alien Artifact 28837 | -3/Quarantine | Identified Phase Armor 28840 | -3/Quarantine | Repaired Cmb. Linear Gravjet? 28862 | -3/Quarantine | Central database locked down 28872 | -3/Quarantine | Repaired Cmb. Linear Gravjet 28882 | -3/Quarantine | Found Prototype Device 28882 | -3/Quarantine | Identified Adv. EM Disruption Field 28954 | -3/Quarantine | Found Transdimensional Reconstructor 29047 | -3/Quarantine | Found Alien Artifact 29056 | -3/Quarantine | Found Alien Artifact 29142 | -3/Quarantine | Identified Terrabomb (x2) 29142 | -3/Quarantine | Identified Vortex Chain Reactor 29315 | -3/Quarantine | Build established: Hacker-Sprinter 29380 | -3/Quarantine | Found Alien Artifact 29423 | -3/Quarantine | Discovered new exit (range 14) 29430 | -3/Quarantine | Found Alien Artifact 29430 | -3/Quarantine | Identified Phase Redirector 29689 | -3/Quarantine | Scanned by Researcher 29724 | -3/Quarantine | Found Alien Artifact 29725 | -3/Quarantine | Found Alien Artifact 29745 | -3/Quarantine | Identified Dimensional Node Initializer (x2) 29745 | -3/Quarantine | Initialized slip node 29753 | -3/Quarantine | Found Transdimensional Reconstructor 29756 | -3/Quarantine | Found Dimensional Node Initializer 29793 | -3/Quarantine | Warped through subspace to slip node 29945 | -3/Quarantine | Found Alien Launcher 29975 | -3/Quarantine | Identified exit to Research 29975 | -3/Quarantine | Entered Research 29975 | -2/Research | Warlord forces began assault on 0b10 29975 | -2/Research | Evolved 2 slots: Propulsion x2 30027 | -2/Research | Repaired Cmb. Linear Gravjet 30064 | -2/Research | Repaired Cld. Antigrav System 30085 | -2/Research | Research machine network offline 30102 | -2/Research | Repaired Cld. Antigrav System 30131 | -2/Research | Met up with Warlord 30152 | -2/Research | Discovered new exit (range 17) 30173 | -2/Research | Identified exit to Testing 30240 | -2/Research | Found Com. Tesla Bomb Launcher 30321 | -2/Research | Build established: Machinist-Scout 30604 | -2/Research | Spotted Executioner 30637 | -2/Research | Borebot progress halted 30723 | -2/Research | Found Prototype Processor 30723 | -2/Research | Identified Exp. Core Analyzer 30757 | -2/Research | Entered Testing 30764 | -2/Testing | Found Prototype Hackware 30764 | -2/Testing | Identified System Mapper 30772 | -2/Testing | Spotted PG-OSFQ7IKVFL 30819 | -2/Testing | Found Prototype Energy Cannon 30819 | -2/Testing | Identified Null Cannon 30819 | -2/Testing | Garrison activated, responded to threat 30835 | -2/Testing | Found Prototype Energy Cannon 30835 | -2/Testing | Identified Potential Cannon 30937 | -2/Testing | Found Prototype Ballistic Gun 30937 | -2/Testing | Identified Hyp. Multirail 30968 | -2/Testing | Discovered new exit (range 5) 30969 | -2/Testing | Identified exit to Access 31034 | -2/Testing | Repaired Mni. Smartbomb Launcher 31056 | -2/Testing | Found Prototype Protection 31135 | -2/Testing | Identified SHELL Armor 31142 | -2/Testing | Spotted Fortress 31157 | -2/Testing | Discovered new exit (range 5) 31158 | -2/Testing | Identified exit to Section 7 31227 | -2/Testing | Entered Section 7 31322 | -2/Section 7 | Discovered exit to Access (range 17) 31389 | -2/Section 7 | Initialized slip node 31407 | -2/Section 7 | Found Alien Artifact 31420 | -2/Section 7 | Identified Integrated Dissipator 31426 | -2/Section 7 | Installed Integrated Dissipator, increased core heat dissipation (+20) 31443 | -2/Section 7 | Found Alien Artifact 31490 | -2/Section 7 | Found Integrated Dissipator 31490 | -2/Section 7 | Installed Integrated Dissipator, increased core heat dissipation (+20) 31499 | -2/Section 7 | Identified Spacefold Activator 31621 | -2/Section 7 | Spotted S7 Guard 31636 | -2/Section 7 | Destroyed S7 Guard 31655 | -2/Section 7 | Found Alien Artifact 31697 | -2/Section 7 | Local machine network offline 31781 | -2/Section 7 | Identified Integrated Thermoelectric Network 31781 | -2/Section 7 | Installed Integrated Thermoelectric Network, gained heat-energy exchange potential 31827 | -2/Section 7 | Spotted B-99 Colossus 31864 | -2/Section 7 | Found Alien Artifact 31864 | -2/Section 7 | Identified LRC Boosters 31864 | -2/Section 7 | Installed LRC Boosters, increased mass support (+10) 31868 | -2/Section 7 | Found LRC Boosters 31868 | -2/Section 7 | Installed LRC Boosters, increased mass support (+10) 31884 | -2/Section 7 | Found Alien Artifact 31888 | -2/Section 7 | Warped through subspace to slip node 31889 | -2/Section 7 | Entered Access 31889 | -1/Access | Evolved 2 slots: Power x2 31906 | -1/Access | Identified exit to Surface 31910 | -1/Access | Spotted B-99 Colossus 31969 | -1/Access | Identified exit to Command 31983 | -1/Access | Identified Core Expander 31983 | -1/Access | Installed Core Expander, added new Utility slot 32006 | -1/Access | Build established: Machinist-Sprinter 32076 | -1/Access | Lost 3 parts (2p1n) 32089 | -1/Access | Entered Command 32218 | -1/Command | Identified Subatomic Replicator 32218 | -1/Command | Used Subatomic Replicator to replicate Vortex Driver 32272 | -1/Command | Lost 4 parts (1p1n2w) 32376 | -1/Command | Found Prototype Processor 32376 | -1/Command | Identified Exp. Target Analyzer 32425 | -1/Command | Build established: Generator-Sprinter 32570 | -1/Command | System corruption reached 10% 32606 | -1/Command | Lost 5 parts (1p3n1u) 32618 | -1/Command | Disengaged cave seal 32625 | -1/Command | Welcomed Warlord to Command 32636 | -1/Command | First assault squad dispatched 32643 | -1/Command | Spotted B-99 Colossus 32657 | -1/Command | Disengaged cave seal 32657 | -1/Command | Derelicts emerged from the dark tunnel 33148 | -1/Command | Warlord commented on Warlord statues 33149 | -1/Command | Spotted M Guard 33149 | -1/Command | Spotted M Guard 33149 | -1/Command | Spotted Combat Programmer 33159 | -1/Command | Spotted Combat Programmer 33194 | -1/Command | Lost 3 parts (1n2u) 33205 | -1/Command | Core integrity fell below 50% 33227 | -1/Command | Destroyed M Guard 33227 | -1/Command | All MAIN.C guards destroyed 33425 | -1/Command | Warlord destroyed during the assault 33451 | -1/Command | Met MAIN.C 33451 | -1/Command | Hacked MAIN.C using A7's code 33463 | -1/Command | MAIN.C activated Command garrisons 33526 | -1/Command | Spotted B-99 Colossus 33576 | -1/Command | Core integrity fell below 20% 33587 | -1/Command | Discovered exit to Surface (range 8) 33623 | *** | Escaped! Last Messages --------------- 33612_ Slug penetrates Wall. 33613_ Spacefolded through S-43 Plague. 33613_ S-43 Plague destroyed. 33614_ Cmb. Linear Gravjet destroyed. 33614_ Acquired 3 matter. 33615_ System corrupted: Heat flow error (+182). 33615_ Penetrated by Slug. 33615_ Adv. Remote Datajack destroyed. 33616_ SHELL Armor destroyed. 33616_ Adv. Reaction Control System destroyed. 33616_ Knocked back. 33616_ Penetrated by Slug. 33617_ P-80 Master resets P-80 Master, system corruption cleaned. 33617_ Spacefolded through Wall. 33621_ Slug penetrates Wall. 33621_ Penetrated by Slug. 33621_ Slug penetrates Reinforced Barrier. 33621_ Cmb. Linear Gravjet destroyed. [Achievement: By A Hair] [Achievement: Superachiever] Map ----- +----------------------------------------------------+ | ## #??????# #?????????????# | | ## #??????# #?????????????# | | ## +??????# # ?????????# | | ## #??????# ############## # !!?????????# | | #? #??????# #????????????## ## !!?????????# | | #? #??????# #??############ ## !!??#??????# | | ??#? ???????# #? # ## ? #??????# | | ?????????????# #? # #?! ????????# | | ?????????????# # # ####+########### | | ?????????????# # # | | ?????????????# " # | | ?????????????# # # | | ????????????## ############### %! ##### | | ############# =##### ! #???# | | %" =%= #???# | | %%" * l H #???# | | ## ## %#####b [= #???? | | ?# ""% ############ [= #???? | | ?# """ *#????# ## [ #???? | | ?# T" #????# ## #???? | | # """ #????# ## = #???? | | # "" ###### ## ########## #???? | | + %! / ## #????????###### #???? | | # * # ## ###???????????# #???? | | # # ## #???????????# #???? | | ?######## # ## @ #???????????# #???? | | ????? # # ## #???????????# #???? | | ##?? + ############???????????# #???? | | #??"" # #??????????????????????# #???? | | #? "" # ###+##??????????????????????# #???? | | #? T" # #? ???????????????????????# #???? | | # "" # #? ???????????????????????# #???? | | ## "" # # ?????????????########### ##???? | | + # + ?????????????# # #????? | | ## # # ] ????????????# # #????? | | #? # # ???????###### !!! # #????? | | #?? # ############### # !!! # #????? | | #?? # # !!! # #????? | | #??? # # # #????? | | #??#+######## ]]= # # #????? | | #??# #??????# ][= ## + #????? | | #??# ######## ]= !## # #????? | | #### ## #####????? | | ## #????????? | | + #????????? | | ### ######## ###########+## #????????? | | # # ]######???????? # #????????? | | # + ! #??????????? # #????????? | | # # #????????? # #????????? | | + # #???????# ###########????????? | +----------------------------------------------------+ Best States ------------- Heat Dissipation 127 Energy Generation 133 Energy Capacity 1230 Matter Stores 300 Matter Capacity 300 Sight Range 20 Robot Scan Range 20 Terrain Scan Range 24 Terrain Scan Density 1010 ECM Strength 2 Jamming Range 16 Cloak Strength 4 Power Amplification 60 Armor Coverage 900 Utility Shielding 90 Weapon Shielding 90 Weapon Cycling 20 Phase Shifting 15 Evasion (%) 86 Targeting Accuracy 8 Target Analysis 10 Core Analysis 8 Armor Integrity Analysis 40 Recoil Reduction 3 Particle Charging 30 Offensive Hacking 82 Defensive Hacking 20 Item Schematics ----------------- Exp. Sensor Array | -8/Materials | Scanalyzed Aerolev Unit | -8/Materials | Scanalyzed Hacking Suite | -8/Materials | Scanalyzed Adv. Hacking Suite | -7/Factory | Hacked Mic. Fission Core | -7/Factory | Hacked Cld. Airjet | -7/Factory | Hacked Imp. Airjet | -7/Factory | Hacked Proton Missile Launcher | -7/Zion | Archive Force Field | -7/Zion | Archive Mak. Hacking Suite | -7/Zion | Archive 0b10 Decoder Chip [Generic] | -7/Zion | Archive Xenon Bombardment Thruster | -7/Zion | Archive Fission Core | -7/Zion | Archive Coolant Injector | -7/Zion | Archive Antigrav System | -7/Zion | Archive Imp. Trap Scanner | -7/Zion | Archive Energy Filter | -7/Zion | Archive Adv. Assault Cannon | -7/Zion | Archive Lgt. Angular Momentum Engine | -7/Zion | Archive Imp. Corruption Screen | -7/Zion | Archive Med. Treads | -7/Zion | Archive Flexi-carbon Leg | -7/Zion | Archive Mni. Smartbomb Launcher | -6/Factory | Hacked Quantum Capacitor | -6/Factory | Hacked Graphene Brace | -6/Factory | Scanalyzed Exp. Utility Shielding | -6/Factory | Hacked Exp. Weapon Shielding | -6/Factory | Hacked Powered Armor | -6/Factory | Hacked Adv. Particle Charger | -6/Factory | Hacked Exp. Targeting Computer | -6/Factory | Scanalyzed Lyr. Heavy Armor Plating | -6/Factory | Hacked Cld. Gravmag System | -6/Factory | Hacked Imp. Cloaking Device | -6/Factory | Hacked Centrium Greatsword | -6/Factory | Scanalyzed Imp. Fusion Compressor | -6/Extension | Hacked Exp. Terrain Scan Processor | -5/Factory | Hacked Centrium Heavy Armor Plating | -5/Factory | Hacked Mni. Drone Bay | -5/Factory | Hacked Centrium Medium Armor Plating | -5/Factory | Scanalyzed Stasis Canceller | -5/Factory | Scanalyzed Cmb. Gravmag System | -5/Factory | Scanalyzed Cld. Plasma Cannon | -5/Factory | Scanalyzed Exp. Force Field | -5/Factory | Scanalyzed Exp. Cooling System | -5/Factory | Scanalyzed Adv. Coolant Injector | -5/Factory | Hacked Imp. Transmission Jammer | -5/Factory | Hacked Biometal Medium Treads | -5/Factory | Hacked Com. HERF Cannon | -5/Factory | Hacked Imp. Phase Shifter | -5/Factory | Hacked Cmb. Antigrav System | -5/Factory | Hacked Hcp. Storage Unit | -5/Factory | Hacked Assault Drone Bay | -5/Zhirov | Free Exp. Heat Sink | -5/Zhirov | Free Exp. Optical Array | -5/Zhirov | Free Imp. Arc Thrower | -5/Zhirov | Free Exp. Signal Interpreter | -4/Factory | Hacked Adv. Energy Well | -4/Factory | Scanalyzed Adv. Reaction Control System | -4/Factory | Scanalyzed Particle Accelerator | -4/Factory | Scanalyzed Cmb. Linear Gravjet | -4/Factory | Hacked Lrn. Terrain Scanner | -4/Factory | Hacked Adv. Cloaking Device | -4/Factory | Hacked Lgt. Antimatter Cannon | -3/Quarantine | Archive Hvy. Wave Gun | -3/Quarantine | Archive Hvy. Proton Missile Launcher | -3/Quarantine | Archive Thunder Hammer | -3/Quarantine | Archive Hvy. Gatling Laser | -3/Quarantine | Archive Exp. Core Analyzer | -2/Section 7 | Archive Adv. KE Penetrator | -2/Section 7 | Archive Lrn. Phase Cannon | -2/Section 7 | Archive Exp. Q-thruster | -2/Section 7 | Archive Robot Schematics ------------------ B-36 Bruiser | -7/Zion | Archive L-41 Fighter | -7/Zion | Archive M-28 Smith | -7/Zion | Archive C-57 Dissector | -7/Zion | Archive Fabricated ------------ Imp. Hacking Suite | x1 | -7/Factory | Preloaded Adv. Hacking Suite | x1 | -7/Factory Adv. Hacking Suite | x1 | -7/Factory Adv. Hacking Suite | x1 | -7/Factory Adv. Hacking Suite | x1 | -7/Factory Adv. Hacking Suite | x1 | -7/Factory Mni. Smartbomb Launcher | x1 | -6/Factory Exp. Utility Shielding | x1 | -6/Factory Exp. Utility Shielding | x1 | -6/Factory Exp. Force Field | x1 | -5/Factory | Preloaded Exp. Terrain Scan Processor | x1 | -5/Factory Adv. Hacking Suite | x1 | -5/Factory Centrium Heavy Armor Plating | x1 | -5/Factory Cmb. Antigrav System | x2 | -5/Factory Hcp. Storage Unit | x1 | -5/Factory Exp. Signal Interpreter | x1 | -4/Factory Cmb. Linear Gravjet | x2 | -4/Factory Mic. Antimatter Reactor | x2 | -4/Factory | Preloaded Lrn. Terrain Scanner | x1 | -4/Factory Cmb. Linear Gravjet | x2 | -4/Factory Adv. Cloaking Device | x1 | -4/Factory Exp. Weapon Shielding | x1 | -4/Factory Cmb. Linear Gravjet | x2 | -4/Factory Alien Tech Used ----------------- Integrated Reactor Phase Armor Phase Redirector Dimensional Node Initializer Transdimensional Reconstructor Integrated Dissipator Integrated Thermoelectric Network LRC Boosters Core Expander Spacefold Activator Subatomic Replicator Achievements -------------- By A Hair Poison In The Code Superachiever Challenges ------------ None Game ------ Seed HypercooledPhasingCalibrator Manual? 0 Play Time 07:15:09 Cumulative 372.1 hours Start 2022.04.28 @ 06:28:43 End 2022.04.28 @ 16:02:48 Sessions 13 Manual Loads 0 Difficulty Rogue Special Mode None Game No. 373 Rogue 373 Adventurer 0 Explorer 0 Win Type 0 Total 20 Types 12/2/3/2/0/0/0/1/0 Lore% 91 Gallery% 88 Achievement% 75 Wizard Run 0 Options --------- ASCII 0 Keyboard 0 Movement Arrows Keybinds 0 Fullscreen 1 Font 18/Smallcaps Map View 76x50 Tactical HUD 1 Map Filters NONE Filters NONE Steam 1 RUN: 1e36de90-e9ca-4560-b749-3df2ae64fa52